Workbook

Sheet Data Sheet
A1: TOWN OF WINDSOR
A2: DEVELOPMENT IMPACT FEE CALCULATION DATA SHEET
A4: PROJECT DATA
A5: Project or Subdivision Name
A6: Site Address
A7: APN(s)
A8: Building Permit No.
A9: Planning File No.
A10: Subdivision (Y/N)
A11: Subdivision Lot No.
A12: Residential Units (#) and (SF) | C12: Notes/Instructions
A13: Single Family Dwelling (Total # Units) | B13: =SUM(B14:B15) -> 0 | C13: Includes Single Family Dwelling units and Small Single Family Residential units for total number of units
A14: Standard Single Family Residential (# Units)
A15: Small Single Family Residential (# Units) | C15: Maximum 1,200-square foot unit on 4,000-square lot or smaller
A16: Total Single Family Living Space (SF) | C16: Excluding garages, carports, walkways, overhangs, enclosed patios, detached storage structures, and similar
A17: Multi-Family (# Units) | C17: Includes duplex, triplex, fourplex, townhome, apartment, condominium, and live/work units. Water connection fees included in per unit fee.
A18: Total Multi-Family Living Space (SF) | C18: Excluding garages, carports, walkways, overhangs, enclosed patios, detached storage structures, and similar
A19: Accessory Dwelling Units (ADUs) (# Units) | C19: ADUs shall not have separate sewer connections or water service
A20: Large ADUs (SF) | C20: Large ADUs are those that are 750 square feet or greater
A21: Manufactured/Mobile Homes (# Units)
A22: Total Manufactured/Mobile Homes Living Space (SF) | C22: Excluding garages, carports, walkways, overhangs, enclosed patios, detached storage structures, and similar
A23: Commercial and Industrial (SF) | C23: Notes/Instructions
A24: Commercial (Total SF) | C24: Commercial and Industrial projects only, not applicable to Multi-Family.
A25: Commercial - Drive-Through (SF)
A26: Commercial - Self Storage (SF)
A27: Office (SF)
A28: Light Industrial (SF)
A29: Heavy Industrial (SF)
A30: Institutional (SF)
A31: Water Capacity - Water Meters (#) | C31: Notes/Instructions
A32: 5/8" Meter | C32: 5/8"meters allowed for meter replacement only with Public Works approval
A33: 3/4" Meter | C33: 3/4"meters allowed for meter replacement only with Public Works approval
A34: 1" Meter | C34: The minimum meter size for a new single family residential unit is 1". Check with Building Division regarding new sprinkler requirements. Domestic service refers to potable water.
A35: 1½“ Meter
A36: Non-Residential Water Connections (#) | C36: Notes/Instructions
A37: 1" Non-Residential Water Meter
A38: 1½" Non-Residential Water Meter
A39: 2" Non-Residential Water Meter
A40: 3" Non-Residential Water Meter
A41: 4" Non-Residential Water Meter
A42: 6" Non-Residential Water Meter
A43: 8" Non-Residential Water Meter
A44: Dedicated Irrigation Meters (#) | C44: Notes/Instructions
A45: 1" Meter
A46: 1½“ Meter
A47: 2" Meter | C47: Applicant shall provide and install all meters 2" and larger.Town will supply and install ERT at cost plus installation
A48: Recycled Water Meters (#) | C48: Notes/Instructions
A49: 1" Meter | C49: Residential fees include the meter(s) and meter installation only. Non-residential fees include the meter(s), meter installation, and 80% of the water capacity fee based on meter size.
A50: 1½“ Meter
A51: Recycled Water Capacity Fee - New Users Only (#) | C51: Notes/Instructions
A52: 1" Non-Residential Water Meter
A53: 1½" Non-Residential Water Meter
A54: 2" Non-Residential Water Meter
A55: 3" Non-Residential Water Meter
A56: Water Reclamation (Sewer) - Non-Residential Meters (#) | C56: Notes/Instructions
A57: 1" Non-Residential Water Meter
A58: Low strength
A59: Medium strength
A60: High strength
A61: 1½" Non-Residential Water Meter
A62: Low strength
A63: Medium strength
A64: High strength
A65: 2" Non-Residential Water Meter
A66: Low strength
A67: Medium strength
A68: High strength
... A84: High strength
A85: Wastewater Capacity Information for Non-Standard Development Projects* | C85: Notes/Instructions
A86: *Non-standard developments may include, but are not limited to, food processing, beverage manufacturing, wine production, and breweries.
A87: Wastewater Flow (gallons/day)
A88: Biochemical Oxygen Demand (BOD) (mg/l) | C88: Discharge measurement
A89: Total Suspended Solids (TSS) (mg/l) | C89: Discharge measurement
A90: Miscellanous | C90: Notes/Instructions
A91: Mixed Use Project (Y/N)
A92: Transit Core (Y/N) | C92: Within 1/2-mile of SMART station
A93: Backflow Device Required (Y/N) | C93: A backflow device is required when an existing well will be used for irrigation purposes in a residential project or if the project is non-residential.
A94: Fire Service Line Size

Sheet Summary Sheet
A1: TOWN OF WINDSOR DEVELOPMENT IMPACT FEE
A2: SUMMARY ESTIMATE
A3: Project or Subdivision Name | B3: ='Data Sheet'!B5 -> 0
A4: Site Address | B4: ='Data Sheet'!B6 -> 0
A5: APN(s) | B5: ='Data Sheet'!B7 -> 0
A6: Planning File No. | B6: ='Data Sheet'!B9 -> 0
A7: Parks and Recreation | D7: ='Parks & Rec'!E33 -> 0
A8: Police | D8: =Police!E16 -> 0
A9: Public Works | D9: ='Public Works'!F118 -> 0
A10: Drainage Development | C10: ='Public Works'!F21 -> 0
A11: Traffic Impact | C11: ='Public Works'!F38 -> 0
A12: Water Capacity | C12: ='Public Works'!F67 -> 0
A13: 1. Meter Installation | B13: ='Public Works'!F47 -> 0
A14: 2. Domestic Connection | B14: ='Public Works'!F61 -> 0
A15: 3. Irrigation Connection | B15: ='Public Works'!F66 -> 0
A16: Recycled Water | C16: ='Public Works'!F79 -> 0
A17: Water Reclamation/Calculated Wastewater Capacity Fee | C17: ='Public Works'!F110+'Public Works'!F116 -> 0
A18: Town of Windsor - Housing In-Lieu Fees (confirm with Planning Division) | D18: {='Housing In-Lieu '!E13:F13} -> 0 | E18: 0
A19: Town of Windsor - Tree Mitigation In-Lieu Fees (confirm with Planning Division) | D19: ='Tree Mitigation'!E80 -> 0
A20: Town of Windsor - Other Fees (confirm with Planning Division) | D20: 0
A21: Town of Windsor - Other (Initial Building/Grading Permit for Horizontal Site Work) (1) | D21: 0
A22: Town of Windsor - (Building Permit Fees) (1) | D22: 0
A23: Town of Windsor Subtotal | D23: =SUM(D7:D22) -> 0
A24: Windsor Unified School District (2) | D24: =WUSD!E13 -> 0
A25: Sonoma County Fire District (2) | D25: =Fire!E21 -> 0
A26: TOTAL | D26: =SUM(D23:D25) -> 0
A27: (1) Based on valuation and Fiscal Year 22-23 permit fee schedule
A28: (2) Fees for the following outside agencies are provided as a courtesy only and should be verified:
A29: Windsor Unified School District: Bonnie Peirsol bpeirsol@wusd.org or (707) 837-7708
A30: Sonoma County Fire District: Cyndi Foreman cforeman@sonomacountyfd.org or (707) 892-2003

Sheet Parks & Rec
A1: PARKS AND RECREATION
A2: DEVELOPMENT IMPACT FEE CALCULATIONS
A3: Project Name: | B3: ='Data Sheet'!B5 -> 0
A4: Site Address: | B4: ='Data Sheet'!B6 -> 0
A5: Assessor's Parcel Number(s): | B5: ='Data Sheet'!B7 -> 0
A6: File No.: | B6: ='Data Sheet'!B9 -> 0
A7: Verified by: | D7: Date:
A9: Description | B9: Quantity | C9: Unit Cost | D9: Unit | E9: Due with this permit
A10: Park Development
A11: Residential Single Family | B11: ='Data Sheet'!B13 -> 0 | C11: ='FY22-23 FEE Worksheet'!K135 -> 12521.251 | D11: dwelling unit | E11: =ROUND(+B11*C11,0) -> 0 | H11: 220-74-00-0000-3655-388
A12: Residential Multiple Family | B12: ='Data Sheet'!B17 -> 0 | C12: ='FY22-23 FEE Worksheet'!K136 -> 10180.728 | D12: dwelling unit | E12: =ROUND(+B12*C12,0) -> 0
A13: Residential Mobile Home | B13: ='Data Sheet'!B21 -> 0 | C13: ='FY22-23 FEE Worksheet'!K137 -> 8909.2258 | D13: dwelling unit | E13: =ROUND(+B13*C13,0) -> 0
A14: Recreation Development
A15: Residential Single Family | B15: ='Data Sheet'!B13 -> 0 | C15: ='FY22-23 FEE Worksheet'!K164 -> 704.33395 | D15: dwelling unit | E15: =ROUND(+B15*C15,0) -> 0 | H15: 221-76-00-0000-3655-000
A16: Residential Multiple Family | B16: ='Data Sheet'!B17 -> 0 | C16: ='FY22-23 FEE Worksheet'!K165 -> 562.81399 | D16: dwelling unit | E16: =ROUND(+B16*C16,0) -> 0
A17: Residential Mobile Home | B17: ='Data Sheet'!B21 -> 0 | C17: ='FY22-23 FEE Worksheet'!K166 -> 493.14263 | D17: dwelling unit | E17: =ROUND(+B17*C17,0) -> 0
A18: New Trails Development
A19: Residential Single Family | B19: ='Data Sheet'!B13 -> 0 | C19: ='FY22-23 FEE Worksheet'!K196 -> 232.96363 | D19: dwelling unit | E19: =ROUND(+B19*C19,0) -> 0 | H19: 222-74-00-0000-3655-000
A20: Residential Multiple Family | B20: ='Data Sheet'!B17 -> 0 | C20: ='FY22-23 FEE Worksheet'!K197 -> 187.24179 | D20: dwelling unit | E20: =ROUND(+B20*C20,0) -> 0
A21: Residential Mobile Home | B21: ='Data Sheet'!B21 -> 0 | C21: ='FY22-23 FEE Worksheet'!K198 -> 163.29226 | D21: dwelling unit | E21: =ROUND(+B21*C21,0) -> 0
A22: Open Space Development
A23: Residential Single Family | B23: ='Data Sheet'!B13 -> 0 | C23: ='FY22-23 FEE Worksheet'!K180 -> 4.6541557 | D23: dwelling unit | E23: =ROUND(+B23*C23,0) -> 0 | H23: 223-74-00-0000-3655-000
A24: Residential Multiple Family | B24: ='Data Sheet'!B17 -> 0 | C24: ='FY22-23 FEE Worksheet'!K181 -> 3.4906168 | D24: dwelling unit | E24: =ROUND(+B24*C24,0) -> 0
A25: Residential Mobile Home | B25: ='Data Sheet'!B21 -> 0 | C25: ='FY22-23 FEE Worksheet'!K182 -> 2.3270778 | D25: dwelling unit | E25: =ROUND(+B25*C25,0) -> 0
A26: Public Facilities Development
A27: Residential Single Family | B27: ='Data Sheet'!B13 -> 0 | C27: ='FY22-23 FEE Worksheet'!K212 -> 1626.3909 | D27: dwelling unit | E27: =ROUND(+B27*C27,0) -> 0 | H27: 190-40-00-0000-3655-600
A28: Residential Multiple Family | B28: ='Data Sheet'!B17 -> 0 | C28: ='FY22-23 FEE Worksheet'!K213 -> 1300.895 | D28: dwelling unit | E28: =ROUND(+B28*C28,0) -> 0
A29: Residential Mobile Home | B29: ='Data Sheet'!B21 -> 0 | C29: ='FY22-23 FEE Worksheet'!K214 -> 1138.6914 | D29: dwelling unit | E29: =ROUND(+B29*C29,0) -> 0
A30: Commercial | B30: ='Data Sheet'!B24 -> 0 | C30: ='FY22-23 FEE Worksheet'!K218 -> 1084.2606 | D30: per 1,000 SF | E30: =B30*(C30/1000) -> 0 | H30: 190-40-00-0000-3655-601
A31: Office | B31: ='Data Sheet'!B27 -> 0 | C31: ='FY22-23 FEE Worksheet'!K219 -> 1788.5946 | D31: per 1,000 SF | E31: =B31*(C31/1000) -> 0
A32: Industrial | B32: ='Data Sheet'!B28+'Data Sheet'!B29 -> 0 | C32: ='FY22-23 FEE Worksheet'!K220 -> 758.76471 | D32: per 1,000 SF | E32: =B32*(C32/1000) -> 0
A33: TOTAL PARKS AND RECREATION IMPACT FEES | E33: =SUM(E11:F13,E15:F17,E19:F21,E23:F25,E27:F32) -> 0
A34: Rates Effective July 21, 2022
A35: RESOLUTION HISTORY
A36: Park Development | B36: 2673-10 (eff 6/21/10) | C36: 3339-17 (eff 5/1/17)
A37: Recreation Development | B37: 2673-10 (eff 6/21/10) | C37: 3340-17 (eff 5/1/17)
A38: New Trails Development | B38: 3342-17 (eff 5/1/17)
A39: Open Space Development | B39: 3341-17 (eff 5/1/17)
A40: Public Facilities Development | B40: 2674-10 (eff 6/21/10) | C40: 3343-17 (eff 5/1/17)

Sheet Public Works
A1: PUBLIC WORKS
A2: DEVELOPMENT IMPACT FEE CALCULATIONS
A3: Project or Subdivision Name: | B3: ='Data Sheet'!B5 -> 0
A4: Site Address: | B4: ='Data Sheet'!B6 -> 0
A5: Assessor's Parcel Number(s): | B5: ='Data Sheet'!B7 -> 0
A6: File No.: | B6: ='Data Sheet'!B9 -> 0
A7: Subdivision Lot No. | B7: ='Data Sheet'!B11 -> 0
A8: Mixed Use (Y/N) | B8: ='Data Sheet'!B91 -> 0
A9: Backflow Device Required (Y/N) | B9: ='Data Sheet'!B93 -> 0
A10: Fire Service Line Size | B10: ='Data Sheet'!B94 -> 0
A11: Total ESD | B11: =(SUM(F82:F85)+SUM(F87:F93)+SUM(F95:F101)+SUM(F103:F109)+F116)/C87 -> 0
A12: Total due with this Building Permit | B12: =F118 -> 0
A13: Verified By: | D13: Date:
A15: Drainage Development
A16: Description | B16: Quantity | C16: Unit Cost | D16: Unit | E16: Due With This Permit
A17: Single Family | B17: ='Data Sheet'!B13 -> 0 | C17: ='FY22-23 FEE Worksheet'!K124 -> 3758.3712 | D17: dwelling unit | E17: =ROUND(+B17*C17,0) -> 0 | H17: 230-63-00-0000-3655-600
A18: Multi-Family | B18: ='Data Sheet'!B17 -> 0 | C18: ='FY22-23 FEE Worksheet'!K125 -> 2218.0019 | D18: dwelling unit | E18: =ROUND(+B18*C18,0) -> 0
A19: Commercial | B19: ='Data Sheet'!B24 -> 0 | C19: ='FY22-23 FEE Worksheet'!K127 -> 1316.2959 | D19: per 1,000 SF | E19: =ROUND(+B19*C19,0)/1000 -> 0 | H19: 230-63-00-0000-3655-601
A20: Industrial | B20: ='Data Sheet'!B28+'Data Sheet'!B29 -> 0 | C20: ='FY22-23 FEE Worksheet'!K128 -> 1652.9472 | D20: per 1,000 SF | E20: =ROUND(+B20*C20,0)/1000 -> 0
D21: Total Drainage Fees | F21: =SUM(E17:F20) -> 0
A22: Traffic Impact Development
A23: Description | B23: Quantity | C23: Unit Cost | D23: Unit | E23: Due With This Permit
A24: Single Family Detached | B24: ='Data Sheet'!B13 -> 0 | C24: ='FY22-23 FEE Worksheet'!K103 -> 12491.858 | D24: dwelling unit | E24: =B24*C24 -> 0 | H24: 210-63-00-0000-3655-600
A25: Multi-Family | B25: ='Data Sheet'!B17 -> 0 | C25: ='FY22-23 FEE Worksheet'!K104 -> 7066.2004 | D25: dwelling unit | E25: =B25*C25 -> 0
A26: Accessory Dwelling Unit | B26: ='Data Sheet'!B19 -> 0 | C26: ='FY22-23 FEE Worksheet'!K105 -> 0 | D26: dwelling unit | E26: =B26*C26 -> 0
A27: Residential Subtotal | E27: =SUM(E24:E26) -> 0
A28: Commercial | B28: ='Data Sheet'!B24 -> 0 | C28: ='FY22-23 FEE Worksheet'!K106 -> 10599.845 | D28: per 1,000 SF | E28: =B28*C28/1000 -> 0 | H28: 210-63-00-0000-3655-601
A29: Commercial with Drive-Through | B29: ='Data Sheet'!B25 -> 0 | C29: ='FY22-23 FEE Worksheet'!K107 -> 12745.505 | D29: per 1,000 SF | E29: =B29*C29/1000 -> 0
A30: Office | B30: ='Data Sheet'!B27 -> 0 | C30: ='FY22-23 FEE Worksheet'!K108 -> 8076.4352 | D30: per 1,000 SF | E30: =B30*C30/1000 -> 0
A31: Light industrial | B31: ='Data Sheet'!B28 -> 0 | C31: ='FY22-23 FEE Worksheet'!K109 -> 5299.3782 | D31: per 1,000 SF | E31: =B31*C31/1000 -> 0
A32: Heavy Industrial | B32: ='Data Sheet'!B29 -> 0 | C32: ='FY22-23 FEE Worksheet'!K110 -> 1514.2636 | D32: per 1,000 SF | E32: =B32*C32/1000 -> 0
A33: Institutional | B33: ='Data Sheet'!B30 -> 0 | C33: ='FY22-23 FEE Worksheet'!K111 -> 8202.7146 | D33: per 1,000 SF | E33: =B33*C33/1000 -> 0
A34: Commercial Subtotal | E34: =SUM(E28:E33) -> 0
A35: Mixed Use Credit: Residential OR Non-Residential | B35: -0.15 | E35: =IF(B8="y",(MIN(E27,E34)*B35),0) -> 0 | H35: 210-63-00-0000-3655-600
A36: Transit Core Credit Residential | B36: -0.09 | E36: =IF('Data Sheet'!B92="Y",E27*B36,0) -> 0
A37: Transit Core Credit Non-Residential | B37: -0.03 | E37: =IF('Data Sheet'!B92="Y",E34*B37,0) -> 0 | H37: 210-63-00-0000-3655-601
A38: Total Traffic Fees | F38: =E27+E34+E35+E36+E37 -> 0
A39: Water Capacity
A40: Description | B40: Quantity | D40: Unit Cost | E40: Unit | F40: Due With This Permit
A41: Meter and Installation | B41: Domestic | C41: Irrigation
A42: Installation Fee for Total Meters Installed | B42: =B43+B44+B45+B46 -> 0 | C42: =C45+C46 -> 0 | D42: ='VI. Public Works'!F73 -> 168 | E42: per meter | F42: =ROUND((B42+C42)*D42,0) -> 0 | H42: 440-00-00-0000-3687-000 | I42: Master Fee Schedule | K42: Meter Valve & Control | P42: FY22/23
A43: 5/8" meter | B43: ='Data Sheet'!B32 -> 0 | C43: - | D43: 329 | E43: per meter | F43: =ROUND((B43)*D43,0) -> 0 | I43: Actual Cost from Distributor | K43: Size | L43: Meter | M43: Endpoint | N43: Total | O43: Tax 9% | P43: Total Cost
A44: 3/4" meter | B44: ='Data Sheet'!B33 -> 0 | C44: - | D44: 378 | E44: per meter | F44: =ROUND((B44)*D44,0) -> 0 | K44: 5/8 | L44: 198.21 | M44: 103.35 | N44: =SUM(L44:M44) -> 301.56 | O44: =N44*0.09 -> 27.1404 | P44: =SUM(N44:O44) -> 328.7004
A45: 1" meter | B45: ='Data Sheet'!B34 -> 0 | C45: ='Data Sheet'!B45 -> 0 | D45: 462 | E45: per meter | F45: =ROUND((B45+C45)*D45,0) -> 0 | K45: 3/4 | L45: 243.75 | M45: 103.35 | N45: =SUM(L45:M45) -> 347.1 | O45: =N45*0.09 -> 31.239 | P45: =SUM(N45:O45) -> 378.339
A46: 1½" meter | B46: ='Data Sheet'!B35 -> 0 | C46: ='Data Sheet'!B46 -> 0 | D46: 834 | E46: per meter | F46: =ROUND((B46+C46)*D46,0) -> 0 | K46: 1 | L46: 320.96 | M46: 103.35 | N46: =SUM(L46:M46) -> 424.31 | O46: =N46*0.09 -> 38.1879 | P46: =SUM(N46:O46) -> 462.4979
A47: Applicant shall provide and install all meters 2" and larger.Town will supply and install ERT at cost plus installation. | E47: Installation Subtotal | F47: =SUM(F42:F46) -> 0 | K47: 1.5 | L47: 661.61 | M47: 103.35 | N47: =SUM(L47:M47) -> 764.96 | O47: =N47*0.09 -> 68.8464 | P47: =SUM(N47:O47) -> 833.8064
A48: Domestic Connection (per meter size) | B48: Domestic
A49: Small Single Family Residential 1" | B49: ='Data Sheet'!B15 -> 0 | D49: ='FY22-23 FEE Worksheet'!K27 -> 3130.5327 | E49: per residence | F49: =ROUND(B49*D49,0) -> 0 | H49: 460-00-00-0000-3660-600
A50: Standard Single Family Residential 1" Meter | B50: ='Data Sheet'!B14 -> 0 | D50: ='FY22-23 FEE Worksheet'!K28 -> 4694.7166 | E50: per residence | F50: =ROUND(B50*D50,0) -> 0
A51: Accessory Dwelling Unit (ADU) | B51: ='Data Sheet'!B19 -> 0 | D51: ='FY22-23 FEE Worksheet'!K29 -> 0 | E51: per residence | F51: =ROUND(B51*D51,0) -> 0
A52: Multi-Family Residential | B52: ='Data Sheet'!B17 -> 0 | D52: ='FY22-23 FEE Worksheet'!K31 -> 2394.4462 | E52: per residence | F52: =ROUND(B52*D52,0) -> 0
A54: Non-Residential 1" Meter | B54: ='Data Sheet'!B37 -> 0 | D54: ='FY22-23 FEE Worksheet'!K33 -> 7825.2493 | E54: per meter | F54: =ROUND(B54*D54,0) -> 0 | H54: 460-00-00-0000-3660-xxx | I54: Need to determine if:
A55: Non-Residential 1½" Meter | B55: ='Data Sheet'!B38 -> 0 | D55: ='FY22-23 FEE Worksheet'!K34 -> 15650.499 | E55: per meter | F55: =ROUND(B55*D55,0) -> 0
A56: Non-Residential 2" Meter | B56: ='Data Sheet'!B39 -> 0 | D56: ='FY22-23 FEE Worksheet'!K35 -> 25041.014 | E56: per meter | F56: =ROUND(B56*D56,0) -> 0 | I56: 460-00-00-0000-3660-601 (Commercial)
A57: Non-Residential 3" Meter | B57: ='Data Sheet'!B40 -> 0 | D57: ='FY22-23 FEE Worksheet'!K36 -> 46951.496 | E57: per meter | F57: =ROUND(B57*D57,0) -> 0 | I57: 460-00-00-0000-3660-605 (Airport)
A58: Non-Residential 4" Meter | B58: ='Data Sheet'!B41 -> 0 | D58: ='FY22-23 FEE Worksheet'!K37 -> 78252.493 | E58: per meter | F58: =ROUND(B58*D58,0) -> 0 | I58: 460-00-00-0000-3660-606 (Shiloh Ranch/Mayacama)
A59: Non-Residential 6" Meter | B59: ='Data Sheet'!B42 -> 0 | D59: ='FY22-23 FEE Worksheet'!K38 -> 156504.99 | E59: per meter | F59: =ROUND(B59*D59,0) -> 0
A60: Non-Residential 8" Meter | B60: ='Data Sheet'!B43 -> 0 | D60: ='FY22-23 FEE Worksheet'!K39 -> 250407.98 | E60: per meter | F60: =ROUND(B60*D60,0) -> 0
E61: Connection Subtotal | F61: =SUM(F49:F60) -> 0
A62: Dedicated Irrigation (per meter size) | B62: Irrigation
A63: 1" Meter | B63: ='Data Sheet'!B45 -> 0 | D63: ='FY22-23 FEE Worksheet'!K41 -> 7825.2493 | E63: per meter | F63: =ROUND(B63*D63,0) -> 0 | H63: 440-00-00-0000-3387-000
A64: 1½" Meter | B64: ='Data Sheet'!B46 -> 0 | D64: ='FY22-23 FEE Worksheet'!K42 -> 15650.499 | E64: per meter | F64: =ROUND(B64*D64,0) -> 0
A65: 2" Meter | B65: ='Data Sheet'!B47 -> 0 | D65: ='FY22-23 FEE Worksheet'!K43 -> 25041.014 | E65: per meter | F65: =ROUND(B65*D65,0) -> 0
E66: Irrigation Subtotal | F66: =SUM(F63:F65) -> 0
C67: Total Water Capacity Fees | F67: =SUM(F66,F61,F47) -> 0
A68: Recycled Water
A69: Description | B69: Quantity | C69: Unit Cost | D69: Unit | F69: Due With This Permit
A70: Installation Fee for Total Meters Installed | B70: =B72+B71 -> 0 | C70: ='VI. Public Works'!F77 -> 168 | D70: per meter | F70: =ROUND(B70*C70,0) -> 0 | H70: 440-00-00-0000-3387-000 | I70: Master Fee Schedule | K70: Meter Valve & Control | P70: FY22/23
A71: 1" Meter | B71: ='Data Sheet'!B49 -> 0 | C71: 462 | D71: per meter | F71: =ROUND(B71*C71,0) -> 0 | I71: Actual Cost from Distributor | K71: Size | L71: Meter | M71: Endpoint | N71: Total | O71: Tax 9% | P71: Total Cost
A72: 1½" Meter | B72: ='Data Sheet'!B50 -> 0 | C72: 834 | D72: per meter | F72: =ROUND(B72*C72,0) -> 0 | K72: 5/8 | L72: 198.21 | M72: 103.35 | N72: =SUM(L72:M72) -> 301.56 | O72: =N72*0.09 -> 27.1404 | P72: =SUM(N72:O72) -> 328.7004
A73: Applicant shall provide and install all meters 2" and larger. | K73: 3/4 | L73: 243.75 | M73: 103.35 | N73: =SUM(L73:M73) -> 347.1 | O73: =N73*0.09 -> 31.239 | P73: =SUM(N73:O73) -> 378.339
A74: Recycled Water Capacity Fee (New Users Only) | C74: 80% Non-Residential Meter Fees | K74: 1 | L74: 320.96 | M74: 103.35 | N74: =SUM(L74:M74) -> 424.31 | O74: =N74*0.09 -> 38.1879 | P74: =SUM(N74:O74) -> 462.4979
A75: Non-Residential Recycled Water 1" Meter | B75: ='Data Sheet'!B52 -> 0 | C75: =+C54*0.8 -> 0 | D75: per meter | E75: =ROUND(B75*C75,0) -> 0 | H75: 440-00-00-0000-3387-000 | K75: 1.5 | L75: 661.61 | M75: 103.35 | N75: =SUM(L75:M75) -> 764.96 | O75: =N75*0.09 -> 68.8464 | P75: =SUM(N75:O75) -> 833.8064
A76: Non-Residential Recycled Water 1½" Meter | B76: ='Data Sheet'!B53 -> 0 | C76: =+C55*0.8 -> 0 | D76: per meter | E76: =ROUND(B76*C76,0) -> 0
A77: Non-Residential Recycled Water 2" Meter | B77: ='Data Sheet'!B54 -> 0 | C77: =+C56*0.8 -> 0 | D77: per meter | E77: =ROUND(B77*C77,0) -> 0
A78: Non-Residential Recycled Water 3" Meter | B78: ='Data Sheet'!B55 -> 0 | C78: =+C57*0.8 -> 0 | D78: per meter | E78: =ROUND(B78*C78,0) -> 0
A79: Total Recycle Water Fees | F79: =SUM(F70:F72,E75:E78) -> 0
A80: Water Reclamation (Sewer)
A81: Description | B81: Quantity | C81: Meter & Installation | D81: Unit | F81: Due With This Permit
A82: Small Single Family Residential Units | B82: ='Data Sheet'!B15 -> 0 | C82: ='FY22-23 FEE Worksheet'!K58 -> 9679.5378 | D82: per residence | F82: =ROUND(B82*C82,0) -> 0 | H82: 430-00-00-0000-3660-600
A83: Standard Single Family Residential | B83: ='Data Sheet'!B14 -> 0 | C83: ='FY22-23 FEE Worksheet'!K59 -> 11386.609 | D83: per residence | F83: =ROUND(B83*C83,0) -> 0
A84: Accessory Dwelling Unit (ADU) | B84: ='Data Sheet'!B19 -> 0 | C84: ='FY22-23 FEE Worksheet'!K60 -> 0 | D84: per dwelling unit | F84: =ROUND(B84*C84,0) -> 0
A85: Multi-Family Residential Units | B85: ='Data Sheet'!B17 -> 0 | C85: ='FY22-23 FEE Worksheet'!K62 -> 8882.8324 | D85: per dwelling unit | F85: =ROUND(B85*C85,0) -> 0
A86: Non Residential (1" Meter = 1 ESD)
A87: Low Strength - 1" Meter | B87: ='Data Sheet'!B58 -> 0 | C87: ='FY22-23 FEE Worksheet'!K67 -> 11386.609 | D87: per meter | F87: =ROUND(B87*C87,0) -> 0 | H87: 430-00-00-0000-3660-601
A88: Low Strength - 1½" Meter | B88: ='Data Sheet'!B62 -> 0 | C88: ='FY22-23 FEE Worksheet'!K68 -> 22773.218 | D88: per meter | F88: =ROUND(B88*C88,0) -> 0
A89: Low Strength - 2" Meter | B89: ='Data Sheet'!B66 -> 0 | C89: ='FY22-23 FEE Worksheet'!K69 -> 36437.366 | D89: per meter | F89: =ROUND(B89*C89,0) -> 0
A90: Low Strength - 3" Meter | B90: ='Data Sheet'!B70 -> 0 | C90: ='FY22-23 FEE Worksheet'!K70 -> 68320.737 | D90: per meter | F90: =ROUND(B90*C90,0) -> 0
A91: Low Strength - 4" Meter | B91: ='Data Sheet'!B74 -> 0 | C91: ='FY22-23 FEE Worksheet'!K71 -> 113868.26 | D91: per meter | F91: =ROUND(B91*C91,0) -> 0
A92: Low Strength - 6" Meter | B92: ='Data Sheet'!B78 -> 0 | C92: ='FY22-23 FEE Worksheet'!K72 -> 227735.43 | D92: per meter | F92: =ROUND(B92*C92,0) -> 0
A93: Low Strength - 8" Meter | B93: ='Data Sheet'!B82 -> 0 | C93: ='FY22-23 FEE Worksheet'!K73 -> 364376.9 | D93: per meter | F93: =ROUND(B93*C93,0) -> 0
A95: Medium Strength - 1" Meter | B95: ='Data Sheet'!B59 -> 0 | C95: ='FY22-23 FEE Worksheet'!L67 -> 13172.701 | D95: per meter | F95: =ROUND(B95*C95,0) -> 0
A96: Medium Strength - 1½" Meter | B96: ='Data Sheet'!B63 -> 0 | C96: ='FY22-23 FEE Worksheet'!L68 -> 26345.403 | D96: per meter | F96: =ROUND(B96*C96,0) -> 0
A97: Medium Strength - 2" Meter | B97: ='Data Sheet'!B67 -> 0 | C97: ='FY22-23 FEE Worksheet'!L69 -> 42152.861 | D97: per meter | F97: =ROUND(B97*C97,0) -> 0
A98: Medium Strength - 3" Meter | B98: ='Data Sheet'!B71 -> 0 | C98: ='FY22-23 FEE Worksheet'!L70 -> 79037.291 | D98: per meter | F98: =ROUND(B98*C98,0) -> 0
A99: Medium Strength - 4" Meter | B99: ='Data Sheet'!B75 -> 0 | C99: ='FY22-23 FEE Worksheet'!L71 -> 131729.18 | D99: per meter | F99: =ROUND(B99*C99,0) -> 0
A100: Medium Strength - 6" Meter | B100: ='Data Sheet'!B79 -> 0 | C100: ='FY22-23 FEE Worksheet'!L72 -> 263458.36 | D100: per meter | F100: =ROUND(B100*C100,0) -> 0
A101: Medium Strength - 8" Meter | B101: ='Data Sheet'!B83 -> 0 | C101: ='FY22-23 FEE Worksheet'!L73 -> 421532.94 | D101: per meter | F101: =ROUND(B101*C101,0) -> 0
A103: High Strength - 1" Meter | B103: ='Data Sheet'!B60 -> 0 | C103: ='FY22-23 FEE Worksheet'!M67 -> 16920.248 | D103: per meter | F103: =ROUND(B103*C103,0) -> 0
A104: High Strength - 1½" Meter | B104: ='Data Sheet'!B64 -> 0 | C104: ='FY22-23 FEE Worksheet'!M68 -> 33840.496 | D104: per meter | F104: =ROUND(B104*C104,0) -> 0
...

Sheet Police
A1: POLICE
A2: DEVELOPMENT IMPACT FEE CALCULATIONS
A3: Project Name: | B3: ='Data Sheet'!B5 -> 0
A4: Site Address: | B4: ='Data Sheet'!B6 -> 0
A5: Assessor's Parcel Number(s): | B5: ='Data Sheet'!B7 -> 0
A6: File No.: | B6: ='Data Sheet'!B9 -> 0
A7: Verified By | D7: Date:
A9: Description | B9: Quantity | C9: Unit Cost | D9: Unit | E9: Due with this permit
A10: Single Family Dwelling | B10: ='Data Sheet'!B13 -> 0 | C10: ='FY22-23 FEE Worksheet'!K238 -> 117.57782 | D10: dwelling unit | E10: =ROUND(+B10*C10,0) -> 0 | H10: 235-50-00-0000-3655-000
A11: Multi-Family | B11: ='Data Sheet'!B17 -> 0 | C11: ='FY22-23 FEE Worksheet'!K239 -> 93.85998 | D11: dwelling unit | E11: =ROUND(+B11*C11,0) -> 0
A12: Manufactured/Mobile Homes | B12: ='Data Sheet'!B21 -> 0 | C12: ='FY22-23 FEE Worksheet'!K240 -> 83.051059 | D12: dwelling unit | E12: =ROUND(+B12*C12,0) -> 0
A13: Retail / Commercial | B13: ='Data Sheet'!B24 -> 0 | C13: ='FY22-23 FEE Worksheet'!K244 -> 26.983686 | D13: per 1,000 SF | E13: =ROUND(+B13*C13,0)/1000 -> 0
A14: Office | B14: ='Data Sheet'!B27 -> 0 | C14: ='FY22-23 FEE Worksheet'!K245 -> 44.247067 | D14: per 1,000 SF | E14: =B14*C14/1000 -> 0
A15: Industrial | B15: ='Data Sheet'!B28+'Data Sheet'!B29 -> 0 | C15: ='FY22-23 FEE Worksheet'!K246 -> 19.401996 | D15: per 1,000 SF | E15: =B15*C15/1000 -> 0
B16: TOTAL POLICE IMPACT FEES | E16: =SUM(E10:F15) -> 0

Sheet Fire
A1: SONOMA COUNTY FIRE DISTRICT
A2: IMPACT FEE CALCULATIONS
A3: Project Name: | B3: ='Data Sheet'!B5 -> 0
A4: Site Address: | B4: ='Data Sheet'!B6 -> 0
A5: Assessor's Parcel Number(s): | B5: ='Data Sheet'!B7 -> 0
A6: File No.: | B6: ='Data Sheet'!B9 -> 0
A7: Mixed Use Project (Y/N) | B7: ='Data Sheet'!B91 -> 0
A8: Verified By: | D8: Date:
A10: Description | B10: Quantity | C10: Unit Cost | D10: Unit | E10: Due with this permit
A11: Residential Single Family | B11: ='Data Sheet'!B16 -> 0 | C11: ='FY22-23 FEE Worksheet'!K263 -> 1.7635564 | D11: living area SF | E11: =B11*C11 -> 0 | H11: 241-00-00-0000-3655-000
A12: Residential Multiple Family | B12: ='Data Sheet'!B18 -> 0 | C12: ='FY22-23 FEE Worksheet'!K264 -> 2.3296363 | D12: living area SF | E12: =ROUND(+B12*C12,0) -> 0
A13: Residential Mobile Home | B13: ='Data Sheet'!B22 -> 0 | C13: ='FY22-23 FEE Worksheet'!K265 -> 1.2954519 | D13: living area SF | E13: =ROUND(+B13*C13,0) -> 0
A14: Large Residential ADU (750 SF or greater) (1) | B14: ='Data Sheet'!B20 -> 0 | C14: =C11 -> 1.7635564 | D14: living area SF | E14: =ROUND(+B14*C14,0) -> 0
A15: Commercial (2) | B15: ='Data Sheet'!B24 -> 0 | C15: ='FY22-23 FEE Worksheet'!K269 -> 1.9703933 | D15: building area SF | E15: =B15*C15 -> 0
A16: Office (2) | B16: ='Data Sheet'!B27 -> 0 | C16: ='FY22-23 FEE Worksheet'!K270 -> 3.2223006 | D16: building area SF | E16: =B16*C16 -> 0
A17: Industrial (2) | B17: ='Data Sheet'!B28+'Data Sheet'!B29 -> 0 | C17: ='FY22-23 FEE Worksheet'!K271 -> 1.371655 | D17: building area SF | E17: =B17*C17 -> 0
A18: Residential Total Fees | E18: =SUM(E11:F14) -> 0
A19: Non-Residential Total Fees | E19: =SUM(E15:F17) -> 0
A20: Mixed Use Credit (3) | E20: =IF((B7="N"),0,(-MIN(E18:E19)*0.15)) -> 0
A21: TOTAL SONOMA COUNTY FIRE DISTRICT IMPACT FEES | E21: =SUM(E18:F20) -> 0
A23: RESOLUTION HISTORY
A24: Windsor Fire Protection District | B24: 2675-10 | C24: 3347-17
A25: Sonoma County Fire District | B25: 3696-21 (eff 11/1/21)
A27: Notes:
A28: (1) Pursuant to Govt Code 65852.2f.3.A, development impact fees for a new ADU must be imposed proportionately in relation to the SF of the primary dwelling unit. ADUs with less than 750 SF of living area are exempt.
A29: (2) A fee shall be charged and paid for each non-residential development involving any addition to any existing building or structure if the addition exceeds 1,000 square feet and if it increases the existing building or structure by twenty-five (25%) or more upon issuance of the building permit for such non-residential development. The non-rsidential fee shall be charged for "covered and enclosed space" within the perimeter of a non-residential structure. Garages, parking structgure, unenclosed walkways, utility or disposal areas, and storage areas incidental to the principal use of the development are excluded.
A30: (3) The amount of the fee for mixed-use development shall be the sum of the following, as applicable:
A31: i. The applicable amount per residential unit, as calculated above.
A32: ii. The applicable amount per 1,000 square feet of commercial space, as calculated above.
A33: iii. The total fee for the mixed-use development shall be decreased by 15% of the lower amount calculated in 3(i) and 3(ii), above.

Sheet WUSD
A1: WINDSOR UNIFIED SCHOOL DISTRICT
A2: IMPACT FEE CALCULATIONS
A3: Project Name: | B3: ='Data Sheet'!B5 -> 0
A4: Site Address: | B4: ='Data Sheet'!B6 -> 0
A5: Assessor's Parcel Number(s): | B5: ='Data Sheet'!B7 -> 0
A6: File No.: | B6: ='Data Sheet'!B9 -> 0
A7: Verified By: | D7: Date:
A9: Description | B9: Quantity | C9: Unit Cost | D9: Unit or SF | E9: Due with this permit
A10: Residential | B10: ='Data Sheet'!B16+'Data Sheet'!B18+'Data Sheet'!B22 -> 0 | C10: 3.48 | D10: square foot | E10: =B10*C10 -> 0
A11: Commercial | B11: ='Data Sheet'!B24+'Data Sheet'!B25+'Data Sheet'!B27+'Data Sheet'!B28+'Data Sheet'!B29+'Data Sheet'!B30 -> 0 | C11: 0.56 | D11: square foot | E11: =ROUND(+B11*C11,0) -> 0
A12: Commercial-Self Storage | B12: ='Data Sheet'!B26 -> 0 | C12: 0.27 | D12: square foot | E12: =ROUND(+B12*C12,0) -> 0
A13: TOTAL WINDSOR UNIFIED SCHOOL DISTRICT IMPACT FEES | E13: =ROUND(SUM(E10:E12),0) -> 0
A15: 1. Developer/Homeowner obtains Certificate of Compliance from Town of Windsor
A16: 2. Town of Windsor verifies square footage
A17: 3. Developer/Homeowner brings certificate and payment (see rates below) to WUSD's District office@ 9291 Old Redwood Hwy., #500, Windsor, CA
A18: 4. The District office will prepare a receipt and record receipt number on form. Payment, certificate copy, and cash receipt to be given to Business Office.

Sheet Housing In-Lieu 
A1: TOWN OF WINDSOR
A2: HOUSING IN-LIEU FEES
A4: Building Permit No. | D4: ='Data Sheet'!B8 -> 0
A5: Site Address: | D5: ='Data Sheet'!B6 -> 0
A6: Project Name: | D6: ='Data Sheet'!B5 -> 0
A7: APN: | D7: ='Data Sheet'!B7 -> 0
A8: Subdivision: | D8: ='Data Sheet'!B11 -> 0
A9: Lot No:
A10: If Tenant Improvement permit,
A11: the initial Bldg Permit was:
K12: Prepared By:
D13: Total due with this Building Permit: | E13: =M47 -> 0 | K13: Date:
A15: Unit Type by Size (SF) | B15: # Units | C15: SF/DU | D15: Fee/SF | E15: Flat Fee Per Unit | F15: Due with this permit | H15: Unit Type by Size (SF) | I15: # Units | J15: SF/DU | K15: Fee/SF | L15: Flat Fee Per Unit | M15: Due with this permit
A16: Up to 999 | C16: N/A | D16: N/A | E16: 2000 | F16: =B16*E16 -> 0 | H16: 2500 | K16: ='FY22-23 Inclusionary Fee'!I38 -> 5.28 | L16: N/A | M16: =I16*J16*K16 -> 0
A17: 1000 | D17: ='FY22-23 Inclusionary Fee'!I8 -> 4.31 | E17: N/A | F17: =B17*C17*D17 -> 0 | H17: 2550 | K17: ='FY22-23 Inclusionary Fee'!I39 -> 5.32 | L17: N/A | M17: =I17*J17*K17 -> 0
A18: 1050 | D18: ='FY22-23 Inclusionary Fee'!I9 -> 4.35 | E18: N/A | F18: =B18*C18*D18 -> 0 | H18: 2600 | K18: ='FY22-23 Inclusionary Fee'!I40 -> 5.34 | L18: N/A | M18: =I18*J18*K18 -> 0
A19: 1100 | D19: ='FY22-23 Inclusionary Fee'!I10 -> 4.37 | E19: N/A | F19: =B19*C19*D19 -> 0 | H19: 2650 | K19: ='FY22-23 Inclusionary Fee'!I41 -> 5.39 | L19: N/A | M19: =I19*J19*K19 -> 0
A20: 1150 | D20: ='FY22-23 Inclusionary Fee'!I11 -> 4.42 | E20: N/A | F20: =B20*C20*D20 -> 0 | H20: 2700 | K20: ='FY22-23 Inclusionary Fee'!I42 -> 5.41 | L20: N/A | M20: =I20*J20*K20 -> 0
A21: 1200 | D21: ='FY22-23 Inclusionary Fee'!I12 -> 4.44 | E21: N/A | F21: =B21*C21*D21 -> 0 | H21: 2750 | K21: ='FY22-23 Inclusionary Fee'!I43 -> 5.45 | L21: N/A | M21: =I21*J21*K21 -> 0
A22: 1250 | D22: ='FY22-23 Inclusionary Fee'!I13 -> 4.48 | E22: N/A | F22: =B22*C22*D22 -> 0 | H22: 2800 | K22: ='FY22-23 Inclusionary Fee'!I44 -> 5.47 | L22: N/A | M22: =I22*J22*K22 -> 0
A23: 1300 | D23: ='FY22-23 Inclusionary Fee'!I14 -> 4.5 | E23: N/A | F23: =B23*C23*D23 -> 0 | H23: 2850 | K23: ='FY22-23 Inclusionary Fee'!I45 -> 5.52 | L23: N/A | M23: =I23*J23*K23 -> 0
A24: 1350 | D24: ='FY22-23 Inclusionary Fee'!I15 -> 4.55 | E24: N/A | F24: =B24*C24*D24 -> 0 | H24: 2900 | K24: ='FY22-23 Inclusionary Fee'!I46 -> 5.54 | L24: N/A | M24: =I24*J24*K24 -> 0
A25: 1400 | D25: ='FY22-23 Inclusionary Fee'!I16 -> 4.57 | E25: N/A | F25: =B25*C25*D25 -> 0 | H25: 2950 | K25: ='FY22-23 Inclusionary Fee'!I47 -> 5.58 | L25: N/A | M25: =I25*J25*K25 -> 0
A26: 1450 | D26: ='FY22-23 Inclusionary Fee'!I17 -> 4.61 | E26: N/A | F26: =B26*C26*D26 -> 0 | H26: 3000 | K26: ='FY22-23 Inclusionary Fee'!I48 -> 5.6 | L26: N/A | M26: =I26*J26*K26 -> 0
A27: 1500 | D27: ='FY22-23 Inclusionary Fee'!I18 -> 4.63 | E27: N/A | F27: =B27*C27*D27 -> 0 | H27: 3050 | K27: ='FY22-23 Inclusionary Fee'!I49 -> 5.65 | L27: N/A | M27: =I27*J27*K27 -> 0
A28: 1550 | D28: ='FY22-23 Inclusionary Fee'!I19 -> 4.68 | E28: N/A | F28: =B28*C28*D28 -> 0 | H28: 3100 | K28: ='FY22-23 Inclusionary Fee'!I50 -> 5.67 | L28: N/A | M28: =I28*J28*K28 -> 0
... A46: 2450 | D46: ='FY22-23 Inclusionary Fee'!I37 -> 5.26 | E46: N/A | F46: =B46*C46*D46 -> 0 | H46: 4000 | K46: ='FY22-23 Inclusionary Fee'!I68 -> 6.25 | L46: N/A | M46: =I46*J46*K46 -> 0
H47: Total Housing In-Lieu Fees | M47: =SUM(M16:M46)+SUM(F16:F46) -> 0

Sheet Tree Mitigation
A1: TOWN OF WINDSOR
A2: TREE MITIGATION IN-LIEU FEES
A3: Project Name: | C3: ='Data Sheet'!B5 -> 0
A4: Site Address: | C4: ='Data Sheet'!B6 -> 0
A5: Assessor's Parcel Number(s): | C5: ='Data Sheet'!B7 -> 0
A6: File No.: | C6: ='Data Sheet'!B9 -> 0
A7: Verified by: | D7: Date:
A8: Tree # | B8: Diameter (In) | C8: % Mitigated | D8: Notes | E8: Mitigation Fees
A9: 1 | B9: 8 | C9: 0.5 | D9: Valley Oak; Fair Health | E9: 0
A10: 2 | B10: 21 | C10: 0.5 | D10: Valley Oak; Fair Health | E10: 0
A11: 3 | B11: 9.5 | C11: 0 | D11: Chinese Elm - not protected | E11: 0
A12: 4 | B12: 5.5 | C12: 0 | D12: Pin Oak - not protected | E12: 0
A13: 5 | B13: 33 | C13: 0 | D13: Catalpa - not protected | E13: 0
A14: 6 | B14: 4.5 | C14: 0 | D14: Redwood - not protected | E14: 0
A15: 7 | B15: 36 | C15: 0 | D15: Monterey Pine - not protected | E15: 0
A16: 8 | B16: 5 | C16: 0 | D16: Liquidambar - not protected | E16: 0
A17: 9 | B17: 5.5 | C17: 0 | D17: Liquidambar - not protected | E17: 0
A18: 10 | B18: 5 | C18: 0 | D18: Liquidambar - not protected | E18: 0
A19: 11 | B19: 5.5 | C19: 0 | D19: Liquidambar - not protected | E19: 0
A20: 12 | B20: 5.5 | C20: 0 | D20: Liquidambar - not protected | E20: 0
... A28: 20 | B28: 15.5 | C28: 0 | D28: Monterey Pine - not protected | E28: 0
C29: 1 | F29: Cells 59 - 108 Hidden. Option to unhide to add additional trees
C30: 1
C31: 1
C32: 1
C33: 1
C34: 1
C35: 1
C36: 1
C37: 1
C38: 1
C39: 1
C40: 1
C41: 1
... C79: 1
E80: =SUM(E9:E79) -> 0 | F80: Total costs are hardcoded to the summary page, no need to update formula
A82: In-Lieu Replacement Fees
A83: 2" tree | B83: 400
A84: 3" tree | B84: 800
A85: 4" tree | B85: 1600
A87: Subject to change pending confirmation of on-site tree replacement mitigation.

Sheet Engineering Svs Fees
B1: Town of Windsor Engineering Division 8400 Windsor Road, Bldg 100 P.O. Box 100 Windsor, CA 95492-0100 (707) 838-5340 Fax (707) 838-5300 | E1: Resolution No. Adopted 1559-03 11/19/03 1561-03 11/19/03 2822-11 09/20/11 xxxx-22 7/20/22
A2: Engineering Division Service Fees
A3: Project: | B3: ='[1]Data Sheet'!B5 -> 0 | D3: Receipt:
A4: Site Address: | B4: ='[1]Data Sheet'!B6 -> 0
A5: APN: | B5: ='[1]Data Sheet'!B7 -> 0 | C5: By:
A6: Planning No. | B6: ='[1]Data Sheet'!B9 -> 0 | C6: Date:
A8: Service | C8: Fees | D8: Account Code | E8: Amount Due
A9: Plan Check and Inspection1,2 (Includes up to 4 plan checks) Additional Plan Check Revision to Plan During Construction Inspection | C9: 9.0% 1.4% $300 $150/hr | D9: 010-63-00-0000-3243-000 | E9: 0
A10: Map Check Base Fee Additional per Lot | C10: $4,712 $163 | D10: 010-63-00-0000-3243-001 | E10: 0
A11: Encroachment Permits3 Review, Major (Excavation, Utilities, Roadway4 Permit) Plus Inspection Review, Minor (Debrix Box, etc.) | C11: $292 $72 $150 per hour | D11: 010-63-00-0000-3241-000 | E11: 0
A12: Transportation Permits Daily Annual | C12: $16 $90 | D12: 010-63-00-0000-3242-000 | E12: 0
A13: Abandonment of Public ROW/Easement Consultant Report Plus Administration | C13: TBD $150/hr | D13: 660-1590-XXX 010-63-00-0000-3244-000 | E13: 0
A14: Traffic Impact Study Amendment Plus Administration | C14: TBD $2,187 $300 | D14: 660-1590-XXX 010-63-00-0000-3243-000 010-63-00-0000-3243-000 | E14: 0
A15: Deeds Document Plus Administration | C15: $729 $225 | D15: 010-63-00-0000-3243-000 | E15: 0
A16: Lot Line Adjustment (including lot merger) Document Plus Administration | C16: $729 $225 | D16: 010-63-00-0000-3243-000 | E16: 0
A17: Certificate of Correction Document Plus Administration | C17: $364 $150 | D17: 010-63-00-0000-3243-000 | E17: 0
A18: Appraisal Services Consultant Report Plus Administration | C18: TBD $300 | D18: 660-1590-XXX 010-63-00-0000-3243-000 | E18: 0
A19: Development Impact Fee Refund (project withdrawn) Residential Non-residential | C19: $300 $599 | D19: 010-63-00-0000-3243-000 | E19: 0
A20: Special Printing Base Maps Large Document Copy | C20: $22/page $15/page | D20: 010-00-00-0000-3615-000 | E20: 0
... A25: Development Review Services | C25: $150/hr | D25: 660-1590-XXX | E25: 0
A26: Attorney Cost Recovery5 Account - Post Entitlement | D26: 010-1430-432 | E26: 0
A27: Developer's Deposit Account (subcode unique per project) | D27: 660-1590-XXX | E27: 0
A28: Cash Security | D28: 640-1440-500 | E28: 0
A29: Other: | E29: 0
D30: Total
A32: 1. Fee based on value of improvements. Fee could be based on actual time and materials costs at discretion of Town Engineer.
A33: 2. A payment towards the total due is collected at the time of submittal and the remainder is due before plan approval. The amount of the initial payment will be determined by staff.
A34: 3. Current fees vary based on detailed categories. Averages shown here. Fee could be based on actual time and materials costs at discretion of Town Engineer.
A35: 4. Includes utility installation and any curb, gutter, and sidewalk encroachment.
A36: 5. Town Attorney Cost Recovery Program for planning and engineering applications and permits.

Sheet FY22-23 FEE Worksheet
A1: Development Impact Fee Adjustment Effective July 21, 2022
O2: Administrative Fee
A3: Fee Adjustment Calculation | P3: 1.0077
B4: Fee Adjustment Per Resolution - Section 12 *
A5: Component | B5: Beginning Factor | C5: Ending Factor | D5: Difference | E5: % Increase | F5: Notes | P5: 0.05 | Q5: <-- CPI - All Urban Consumers for San Francisco - Oakland - San Jose by US Dept of Labor for April
A6: Construction costs - ENR (Apr to Apr) | B6: 11849 | C6: 12899 | D6: =+C6-B6 -> 1050 | E6: =+D6/B6 -> 0.088615073 | F6: Applies to Traffic Mit, Public Facil, Fire Facil & Park Development Impact Fees
A7: Construction costs - ENR (Jun to Jun) | B7: 12112 | C7: 13111 | D7: =+C7-B7 -> 999 | E7: =+D7/B7 -> 0.082480185 | F7: Applies to Water Capacity Fee & Water Reclamation Capacity Fees, Drainage
A8: Land acquisition costs | B8: 0 | C8: 0 | D8: =+C8-B8 -> 0 | E8: 0 | F8: No longer applies to Drainage | N8: NOTES:
A9: Land acquisition costs - ENR (Apr) | B9: =B6 -> 11849 | C9: =C6 -> 12899 | D9: =+C9-B9 -> 1050 | E9: =+D9/B9 -> 0.088615073 | F9: Applies to Public Facilities & Park Development Impact Fees | N9: Only change the cells that are in RED
A10: Facilities costs | B10: 311.51 | C10: =B10*(1+P5) -> 327.0855 | D10: =+C10-B10 -> 15.5755 | E10: =+D10/B10 -> 0.05 | F10: Applies to Facilities Component of Impact Fees | N10: Cells in grey are formula based. Do not touch
N11: Take C6 number and enter into B6 which will start the beginning factor from prior year info. The NEW C6 will be from ENR
A12: * The fee adjustment for: (1) construction costs is based on ENR construction cost indices; (2) land acquisition costs is based on 5/05 and 5/06 estimates | N12: Repeat for C7 & C10
A13: or ENR for fees adopted in 2010; (3) facilities costs is based on prior year x All Urban Consumers CPI inflation adjustment. | N13: ENR website for construction costs https://www.enr.com/economics/historical_indices/construction_cost_index_history
A14: Note: The tables below of construction, land acquisition and facilities costs are from the development impact fee consultant reports.
A17: Water Capacity Fees
B18: Table 1 | C18: % of Total
A19: Construction costs | B19: 14907600 | C19: =+B19/B22 -> 1
A20: Land acquisition costs | B20: 0 | C20: =+B20/B22 -> 0 | N20: NOTES:
A21: Facilities costs | B21: 0 | C21: =+B21/B22 -> 0 | N21: Update cells B27-B43 with prior Effective rates located in cells K27-K44
A22: Total | B22: =SUM(B19:B21) -> 14907600 | C22: =SUM(C19:C21) -> 1 | N22: Cells K27-K44 will automatically populate by the formuas above
A23: Resolution 1566-03 effective 12/3/03; Resolution 2764-11 effective 3/20/11; Resolution 1864-17 effective 4/16/17 | N23: Effective date will be updated by cell K133
D24: Apportionment | H24: With % Increase (per fee adjmt above) | K24: =$K$133 -> Effective 7/21/22 | N24: REPEAT steps below for the remaining Fees
B25: Prior Fee | D25: Const. | E25: Land Acq. | F25: Facil. | H25: Const. | I25: Land Acq. | J25: Facil.
A26: Standard Single Family
A27: Small Single Residence (2) | B27: 2892 | C27: /residence | D27: =B27 -> 2892 | E27: 0 | F27: 0 | H27: =D27*(1+$E$7) -> 3130.5327 | I27: =+E27*(1+$E$9) -> 0 | J27: =F27*(1+$E$10) -> 0 | K27: =SUM(H27:J27) -> 3130.5327 | L27: /residence
A28: Single Family Residential (1) | B28: 4337 | C28: /residence | D28: =B28 -> 4337 | E28: 0 | F28: 0 | H28: =D28*(1+$E$7) -> 4694.7166 | I28: =+E28*(1+$E$9) -> 0 | J28: =F28*(1+$E$10) -> 0 | K28: =SUM(H28:J28) -> 4694.7166 | L28: /residence
A29: Accessory Dwelling Unit(ADU) (3) | B29: 0 | C29: /residence | D29: =B29 -> 0 | E29: 0 | F29: 0 | H29: =D29*(1+$E$7) -> 0 | I29: 0 | J29: 0 | K29: =SUM(H29:J29) -> 0 | L29: /residence
A30: Multi-Family Residential (4)
A31: Per Dweling Unit | B31: 2212 | C31: /residence | D31: =B31 -> 2212 | E31: 0 | F31: 0 | H31: =D31*(1+$E$7) -> 2394.4462 | I31: 0 | J31: 0 | K31: =SUM(H31:J31) -> 2394.4462 | L31: /residence
A32: Non-Residential:
A33: 1 inch | B33: 7229 | C33: /meter | D33: =B33 -> 7229 | E33: 0 | F33: 0 | H33: =D33*(1+$E$7) -> 7825.2493 | I33: =+E33*(1+$E$9) -> 0 | J33: =F33*(1+$E$10) -> 0 | K33: =SUM(H33:J33) -> 7825.2493 | L33: /meter
A34: 1-1/2 inch | B34: 14458 | C34: /meter | D34: =B34 -> 14458 | E34: 0 | F34: 0 | H34: =D34*(1+$E$7) -> 15650.499 | I34: =+E34*(1+$E$9) -> 0 | J34: =F34*(1+$E$10) -> 0 | K34: =SUM(H34:J34) -> 15650.499 | L34: /meter
A35: 2 inch | B35: 23133 | C35: /meter | D35: =B35 -> 23133 | E35: 0 | F35: 0 | H35: =D35*(1+$E$7) -> 25041.014 | I35: =+E35*(1+$E$9) -> 0 | J35: =F35*(1+$E$10) -> 0 | K35: =SUM(H35:J35) -> 25041.014 | L35: /meter
A36: 3 inch | B36: 43374 | C36: /meter | D36: =B36 -> 43374 | E36: 0 | F36: 0 | H36: =D36*(1+$E$7) -> 46951.496 | I36: =+E36*(1+$E$9) -> 0 | J36: =F36*(1+$E$10) -> 0 | K36: =SUM(H36:J36) -> 46951.496 | L36: /meter
A37: 4 inch | B37: 72290 | C37: /meter | D37: =B37 -> 72290 | E37: 0 | F37: 0 | H37: =D37*(1+$E$7) -> 78252.493 | I37: =+E37*(1+$E$9) -> 0 | J37: =F37*(1+$E$10) -> 0 | K37: =SUM(H37:J37) -> 78252.493 | L37: /meter
A38: 6 inch | B38: 144580 | C38: /meter | D38: =B38 -> 144580 | E38: 0 | F38: 0 | H38: =D38*(1+$E$7) -> 156504.99 | I38: =+E38*(1+$E$9) -> 0 | J38: =F38*(1+$E$10) -> 0 | K38: =SUM(H38:J38) -> 156504.99 | L38: /meter
A39: 8 inch | B39: 231328 | C39: /meter | D39: =B39 -> 231328 | E39: 0 | F39: 0 | H39: =D39*(1+$E$7) -> 250407.98 | I39: =+E39*(1+$E$9) -> 0 | J39: =F39*(1+$E$10) -> 0 | K39: =SUM(H39:J39) -> 250407.98 | L39: /meter
A40: Dedicated Irrigation
A41: 1 inch | B41: 7229 | C41: /meter | D41: =B41 -> 7229 | E41: 0 | F41: 0 | H41: =D41*(1+$E$7) -> 7825.2493 | I41: =+E41*(1+$E$9) -> 0 | J41: =F41*(1+$E$10) -> 0 | K41: =SUM(H41:J41) -> 7825.2493 | L41: /meter
A42: 1-1/2 Inch | B42: 14458 | C42: /meter | D42: =B42 -> 14458 | E42: 0 | F42: 0 | H42: =D42*(1+$E$7) -> 15650.499 | I42: =+E42*(1+$E$9) -> 0 | J42: =F42*(1+$E$10) -> 0 | K42: =SUM(H42:J42) -> 15650.499 | L42: /meter
A43: 2 inch | B43: 23133 | C43: /meter | D43: =B43 -> 23133 | E43: 0 | F43: 0 | H43: =D43*(1+$E$7) -> 25041.014 | I43: =+E43*(1+$E$9) -> 0 | J43: =F43*(1+$E$10) -> 0 | K43: =SUM(H43:J43) -> 25041.014 | L43: /meter
A45: (1) Each of the water meters in this category is sized up to and including 1" meter. If special situation requires the use of a larger meter, additional fees will be due and payable,
A46: as determined by the Director of Public Works.
A47: (2) Small single family residence has been defined as loys up to 4,000 sq. ft. and building size up to 1,200 sq. ft.
A48: (3) ADUs shall not have separate water service connections and are not subject to a water capacity fee. Additional costs may be incurred if a proposed development
A49: requires changes to a service size or location to meet excisting standards.
A50: (4) Includes duplex, triplex, fourplex, townhome, apartment, condominium and live/work units and manufactured (including mobile) homes without a permanent foundation.
A54: Water Reclamation Capacity Fees | B54: Resolution 3045-13 effective 1/18/14; Resolution 3087-14 effective 5/12/2014; Resolution 1865-17 effective 4/16/17
D55: Apportionment | H55: With % Increase (per fee adjmt above)
B56: Prior Fee | D56: Const. | E56: Land Acq. | F56: Facil. | H56: Const. | I56: Land Acq. | J56: Facil. | K56: =K24 -> Effective 7/21/22
A57: Single Family Residential:
A58: Small Single Family Residence (1) | B58: 8942 | C58: per residence | D58: =B58 -> 8942 | E58: 0 | F58: 0 | H58: =D58*(1+$E$7) -> 9679.5378 | I58: =+E58*(1+$E$9) -> 0 | J58: 0 | K58: =SUM(H58:J58) -> 9679.5378 | L58: per residence
A59: Standard Single Family Residential (SFR) | B59: 10519 | C59: per SFR | D59: =B59 -> 10519 | E59: 0 | F59: 0 | H59: =D59*(1+$E$7) -> 11386.609 | I59: =+E59*(1+$E$9) -> 0 | J59: 0 | K59: =SUM(H59:J59) -> 11386.609 | L59: per SFR
A60: Accessory Dwelling Unit (ADU) (2) | B60: 0 | D60: =B60 -> 0 | E60: 0 | F60: 0 | H60: =D60*(1+$E$7) -> 0 | I60: =+E60*(1+$E$9) -> 0 | J60: 0 | K60: =SUM(H60:J60) -> 0
A61: Multi-family Residential (3):
A62: Per Dwelling Unit | B62: 8206 | C62: per DU | D62: =B62 -> 8206 | E62: 0 | F62: 0 | H62: =D62*(1+$E$7) -> 8882.8324 | I62: =+E62*(1+$E$9) -> 0 | J62: 0 | K62: =SUM(H62:J62) -> 8882.8324 | L62: per DU
A63: Non-standard Development Projects (5) | B63: 10519 | C63: per ESD | D63: =B63 -> 10519 | E63: 0 | F63: 0 | H63: =D63*(1+$E$7) -> 11386.609 | I63: 0 | J63: 0 | K63: =SUM(H63:J63) -> 11386.609 | L63: per ESD
K65: =K56 -> Effective 7/21/22
A66: Nonresidential (4): | B66: Low | C66: Medium | D66: High | K66: Low | L66: Medium | M66: High
A67: 1 inch | B67: 10519 | C67: 12169 | D67: 15631 | K67: =B67*(1+$E$7) -> 11386.609 | L67: =C67*(1+$E$7) -> 13172.701 | M67: =D67*(1+$E$7) -> 16920.248
A68: 1-1/2 inch | B68: 21038 | C68: 24338 | D68: 31262 | K68: =B68*(1+$E$7) -> 22773.218 | L68: =C68*(1+$E$7) -> 26345.403 | M68: =D68*(1+$E$7) -> 33840.496
A69: 2 inch | B69: 33661 | C69: 38941 | D69: 50019 | K69: =B69*(1+$E$7) -> 36437.366 | L69: =C69*(1+$E$7) -> 42152.861 | M69: =D69*(1+$E$7) -> 54144.576
A70: 3 inch | B70: 63115 | C70: 73015 | D70: 93786 | K70: =B70*(1+$E$7) -> 68320.737 | L70: =C70*(1+$E$7) -> 79037.291 | M70: =D70*(1+$E$7) -> 101521.49
A71: 4 inch | B71: 105192 | C71: 121692 | D71: 156312 | K71: =B71*(1+$E$7) -> 113868.26 | L71: =C71*(1+$E$7) -> 131729.18 | M71: =D71*(1+$E$7) -> 169204.64
A72: 6 inch | B72: 210383 | C72: 243384 | D72: 312622 | K72: =B72*(1+$E$7) -> 227735.43 | L72: =C72*(1+$E$7) -> 263458.36 | M72: =D72*(1+$E$7) -> 338407.12
A73: 8 inch | B73: 336613 | C73: 389414 | D73: 500194 | K73: =B73*(1+$E$7) -> 364376.9 | L73: =C73*(1+$E$7) -> 421532.94 | M73: =D73*(1+$E$7) -> 541450.09
A75: (1) Small single family residence has been defined as lots up to 4,000 sq. ft. and building size up to 1,200 sq. ft.
A76: (2) ADUs shall not have separate water service connections and are not subject to a water capacity fee. Additional costs may be incurred if a proposed development
A77: requires changes to a service size or location to meet excisting standards.
A78: (3) Includes duplex, triplex, fourplex, townhome, apartment, condominium and live/work units and manufactured (including mobile) homes without a permanent foundation.
A79: (4) Wastewater strength categories (low, medium and high) are used for both capacity fee and monthly wastewater billing puposes, and is based on historic practices within
A80: the Town and published data.
A81: (5) For new connections with non-standard waste characteristics, the waste water capacity fee shall be determined based on the number of equivalent single-family
A82: dwellings (ESD's) as follows:
B83: WWCF=$10519 x Flow / 200 x [0.83 + (0.12 x BOD / 200) + (0.05 x TSS / 175)]
B84: Where:
C85: WWCF= Calculated wastewater capacity fee
C86: Flow= Wastewater flow in gallons per day
C87: BOD= Biochemical oxygen demand of discharge in mg/l
C88: TSS= Total suspended solids of discharge in mg/l
B89: Non standard may include, but is not limited to, food processing, beverage manufacturing, wine production and breweries
A90: (6) Small Wineries from prior FY have been removed
A93: Traffic Impact Fees
B94: Page 26 | C94: % of Total
A95: Construction costs | B95: 64643000 | C95: =+B95/B98 -> 1
A96: Land acquisition costs | B96: 0 | C96: =+B96/B98 -> 0
A97: Facilities costs | B97: 0 | C97: =+B97/B98 -> 0
A98: Total | B98: =SUM(B95:B97) -> 64643000 | C98: =SUM(C95:C97) -> 1
A100: Resolution 3590-20 | D100: Apportionment (per % above) | H100: With % Increase (per fee adjmt above)
B101: Prior Fee | D101: Const. | E101: Land Acq. | F101: Facil. | H101: Const. | I101: Land Acq. | J101: Facil. | K101: =$K$133 -> Effective 7/21/22
A102: Residential -
A103: Single Family | B103: 11475 | C103: /unit | D103: =ROUND(+$C$95*B103,0) -> 11475 | E103: =ROUND($C$96*B103,0) -> 0 | F103: =+B103-D103-E103 -> 0 | H103: =D103*(1+$E$6) -> 12491.858 | I103: =+E103*(1+$E$8) -> 0 | J103: =F103*(1+$E$10) -> 0 | K103: =SUM(H103:J103) -> 12491.858 | L103: /unit
A104: Multi-family | B104: 6491 | C104: /unit | D104: =ROUND(+$C$95*B104,0) -> 6491 | E104: =ROUND($C$96*B104,0) -> 0 | F104: =+B104-D104-E104 -> 0 | H104: =D104*(1+$E$6) -> 7066.2004 | I104: =+E104*(1+$E$8) -> 0 | J104: =F104*(1+$E$10) -> 0 | K104: =SUM(H104:J104) -> 7066.2004 | L104: /unit
A105: Additional Dwelling Unit (ADU)/Unit | B105: 0 | C105: /unit | D105: =ROUND(+$C$95*B105,0) -> 0 | E105: =ROUND($C$96*B105,0) -> 0 | F105: =+B105-D105-E105 -> 0 | H105: =D105*(1+$E$6) -> 0 | I105: =+E105*(1+$E$8) -> 0 | J105: =F105*(1+$E$10) -> 0 | K105: =SUM(H105:J105) -> 0 | L105: /unit
A106: Commercial | B106: 9737 | C106: /1000 sq ft | D106: =ROUND(+$C$95*B106,0) -> 9737 | E106: =ROUND($C$96*B106,0) -> 0 | F106: =+B106-D106-E106 -> 0 | H106: =D106*(1+$E$6) -> 10599.845 | I106: =+E106*(1+$E$8) -> 0 | J106: =F106*(1+$E$10) -> 0 | K106: =SUM(H106:J106) -> 10599.845 | L106: /1000 sq ft
A107: Commercial with Drive-Through | B107: 11708 | C107: /1000 sq ft | D107: =ROUND(+$C$95*B107,0) -> 11708 | E107: =ROUND($C$96*B107,0) -> 0 | F107: =+B107-D107-E107 -> 0 | H107: =D107*(1+$E$6) -> 12745.505 | I107: =+E107*(1+$E$8) -> 0 | J107: =F107*(1+$E$10) -> 0 | K107: =SUM(H107:J107) -> 12745.505 | L107: /1000 sq ft
A108: Office | B108: 7419 | C108: /1000 sq ft | D108: =ROUND(+$C$95*B108,0) -> 7419 | E108: =ROUND($C$96*B108,0) -> 0 | F108: =+B108-D108-E108 -> 0 | H108: =D108*(1+$E$6) -> 8076.4352 | I108: =+E108*(1+$E$8) -> 0 | J108: =F108*(1+$E$10) -> 0 | K108: =SUM(H108:J108) -> 8076.4352 | L108: /1000 sq ft
A109: Light Industrial | B109: 4868 | C109: /1000 sq ft | D109: =ROUND(+$C$95*B109,0) -> 4868 | E109: =ROUND($C$96*B109,0) -> 0 | F109: =+B109-D109-E109 -> 0 | H109: =D109*(1+$E$6) -> 5299.3782 | I109: =+E109*(1+$E$8) -> 0 | J109: =F109*(1+$E$10) -> 0 | K109: =SUM(H109:J109) -> 5299.3782 | L109: /1000 sq ft
A110: Heavy Industrial | B110: 1391 | C110: /1000 sq ft | D110: =ROUND(+$C$95*B110,0) -> 1391 | E110: =ROUND($C$96*B110,0) -> 0 | F110: =+B110-D110-E110 -> 0 | H110: =D110*(1+$E$6) -> 1514.2636 | I110: =+E110*(1+$E$8) -> 0 | J110: =F110*(1+$E$10) -> 0 | K110: =SUM(H110:J110) -> 1514.2636 | L110: /1000 sq ft
A111: Institutional/KSF | B111: 7535 | C111: /1000 sq ft | D111: =ROUND(+$C$95*B111,0) -> 7535 | E111: =ROUND($C$96*B111,0) -> 0 | F111: =+B111-D111-E111 -> 0 | H111: =D111*(1+$E$6) -> 8202.7146 | I111: =+E111*(1+$E$8) -> 0 | J111: =F111*(1+$E$10) -> 0 | K111: =SUM(H111:J111) -> 8202.7146 | L111: /1000 sq ft
...

Sheet FY22-23 Inclusionary Fee
A1: Table 1 | H1: Inclusionary Housing In Lieu Fee Schedule
A2: Inclusionary Housing In Lieu | H2: FY2022-23
A3: Fee Schedule | H3: Rates effective: 7/21/22
A4: (Revised: 01/07/09 ORD 2009-250) | H4: Inflationary increase per section 27.23.130 B
A6: Unit Square Footage | B6: Per Square Foot Fee | C6: Total Per Unit Fee | H6: Unit Square Footage | I6: Per Square Foot Fee | J6: Total Per Unit Fee | L6: Unit Square Footage | M6: Per Square Foot Fee | N6: Total Per Unit Fee
H7: Up to 1,000 | I7: 2000 | L7: =H47 -> 2950 | M7: =I47 -> 5.58
A8: 1000 | B8: 2 | C8: 2000 | H8: 1000 | I8: =ROUND(+B8*($F$11+1),2) -> 4.31 | J8: =H8*I8 -> 4310 | L8: =H48 -> 3000 | M8: =I48 -> 5.6 | N8: =J47 -> 16461
A9: 1050 | B9: 2.02 | C9: 2116 | H9: 1050 | I9: =ROUND(+B9*($F$11+1),2) -> 4.35 | J9: =H9*I9 -> 4567.5 | L9: =H49 -> 3050 | M9: =I49 -> 5.65 | N9: =J48 -> 16800
A10: 1100 | B10: 2.03 | C10: 2233 | E10: Percent change: | H10: 1100 | I10: =ROUND(+B10*($F$11+1),2) -> 4.37 | J10: =H10*I10 -> 4807 | L10: =H50 -> 3100 | M10: =I50 -> 5.67 | N10: =J49 -> 17232.5
A11: 1150 | B11: 2.05 | C11: 2352 | E11: -----------> | F11: =+((+F13-F15)/F15) -> 1.1550249 | H11: 1150 | I11: =ROUND(+B11*($F$11+1),2) -> 4.42 | J11: =H11*I11 -> 5083 | L11: =H51 -> 3150 | M11: =I51 -> 5.71 | N11: =J50 -> 17577
A12: 1200 | B12: 2.06 | C12: 2472 | E12: rolling 3 yr average of median home sales prices | H12: 1200 | I12: =ROUND(+B12*($F$11+1),2) -> 4.44 | J12: =H12*I12 -> 5328 | L12: =H52 -> 3200 | M12: =I52 -> 5.73 | N12: =J51 -> 17986.5
A13: 1250 | B13: 2.08 | C13: 2594 | E13: 2020-22 | F13: =AVERAGE(F26:F28) -> 721933.33 | H13: 1250 | I13: =ROUND(+B13*($F$11+1),2) -> 4.48 | J13: =H13*I13 -> 5600 | L13: =H53 -> 3250 | M13: =I53 -> 5.78 | N13: =J52 -> 18336
A14: 1300 | B14: 2.09 | C14: 2717 | H14: 1300 | I14: =ROUND(+B14*($F$11+1),2) -> 4.5 | J14: =H14*I14 -> 5850 | L14: =H54 -> 3300 | M14: =I54 -> 5.8 | N14: =J53 -> 18785
A15: 1350 | B15: 2.11 | C15: 2842 | E15: Median $ 2009 | F15: 335000 | H15: 1350 | I15: =ROUND(+B15*($F$11+1),2) -> 4.55 | J15: =H15*I15 -> 6142.5 | L15: =H55 -> 3350 | M15: =I55 -> 5.84 | N15: =J54 -> 19140
A16: 1400 | B16: 2.12 | C16: 2968 | E16: Median $ 2010 | F16: 345000 | H16: 1400 | I16: =ROUND(+B16*($F$11+1),2) -> 4.57 | J16: =H16*I16 -> 6398 | L16: =H56 -> 3400 | M16: =I56 -> 5.86 | N16: =J55 -> 19564
A17: 1450 | B17: 2.14 | C17: 3096 | E17: Median $ 2011 | F17: 319250 | H17: 1450 | I17: =ROUND(+B17*($F$11+1),2) -> 4.61 | J17: =H17*I17 -> 6684.5 | L17: =H57 -> 3450 | M17: =I57 -> 5.9 | N17: =J56 -> 19924
A18: 1500 | B18: 2.15 | C18: 3225 | E18: Median $ 2012 | F18: 344000 | H18: 1500 | I18: =ROUND(+B18*($F$11+1),2) -> 4.63 | J18: =H18*I18 -> 6945 | L18: =H58 -> 3500 | M18: =I58 -> 5.93 | N18: =J57 -> 20355
A19: 1550 | B19: 2.17 | C19: 3356 | E19: Median $ 2013 | F19: 400500 | H19: 1550 | I19: =ROUND(+B19*($F$11+1),2) -> 4.68 | J19: =H19*I19 -> 7254 | L19: =H59 -> 3550 | M19: =I59 -> 5.97 | N19: =J58 -> 20755
A20: 1600 | B20: 2.18 | C20: 3488 | E20: Median $ 2014 | F20: 427500 | H20: 1600 | I20: =ROUND(+B20*($F$11+1),2) -> 4.7 | J20: =H20*I20 -> 7520 | L20: =H60 -> 3600 | M20: =I60 -> 5.99 | N20: =J59 -> 21193.5
A21: 1650 | B21: 2.2 | C21: 3622 | E21: Median $ 2015 | F21: 464500 | H21: 1650 | I21: =ROUND(+B21*($F$11+1),2) -> 4.74 | J21: =H21*I21 -> 7821 | L21: =H61 -> 3650 | M21: =I61 -> 6.03 | N21: =J60 -> 21564
A22: =+A21+50 -> 1700 | B22: 2.21 | C22: 3757 | E22: Median $ 2016 | F22: 542500 | H22: =+H21+50 -> 1700 | I22: =ROUND(+B22*($F$11+1),2) -> 4.76 | J22: =H22*I22 -> 8092 | L22: =H62 -> 3700 | M22: =I62 -> 6.06 | N22: =J61 -> 22009.5
A23: =+A22+50 -> 1750 | B23: 2.23 | C23: 3894 | E23: Median $ 2017 | F23: 572500 | H23: =+H22+50 -> 1750 | I23: =ROUND(+B23*($F$11+1),2) -> 4.81 | J23: =H23*I23 -> 8417.5 | L23: =H63 -> 3750 | M23: =I63 -> 6.1 | N23: =J62 -> 22422
A24: =+A23+50 -> 1800 | B24: 2.24 | C24: 4032 | E24: Median $ 2018 | F24: 645300 | H24: =+H23+50 -> 1800 | I24: =ROUND(+B24*($F$11+1),2) -> 4.83 | J24: =H24*I24 -> 8694 | L24: =H64 -> 3800 | M24: =I64 -> 6.12 | N24: =J63 -> 22875
A25: =+A24+50 -> 1850 | B25: 2.26 | C25: 4172 | E25: Median $ 2019 | F25: 632450 | H25: =+H24+50 -> 1850 | I25: =ROUND(+B25*($F$11+1),2) -> 4.87 | J25: =H25*I25 -> 9009.5 | L25: =H65 -> 3850 | M25: =I65 -> 6.16 | N25: =J64 -> 23256
A26: =+A25+50 -> 1900 | B26: 2.27 | C26: 4313 | E26: Median $ 2020 | F26: 665000 | H26: =+H25+50 -> 1900 | I26: =ROUND(+B26*($F$11+1),2) -> 4.89 | J26: =H26*I26 -> 9291 | L26: =H66 -> 3900 | M26: =I66 -> 6.18 | N26: =J65 -> 23716
A27: =+A26+50 -> 1950 | B27: 2.29 | C27: 4465 | E27: Median $ 2021 | F27: 715800 | H27: =+H26+50 -> 1950 | I27: =ROUND(+B27*($F$11+1),2) -> 4.94 | J27: =H27*I27 -> 9633 | L27: =H67 -> 3950 | M27: =I67 -> 6.23 | N27: =J66 -> 24102
A28: =+A27+50 -> 2000 | B28: 2.3 | C28: 4600 | E28: Median $ 2022 | F28: =MEDIAN(F39:F41) -> 785000 | H28: =+H27+50 -> 2000 | I28: =ROUND(+B28*($F$11+1),2) -> 4.96 | J28: =H28*I28 -> 9920 | L28: =H68 -> 4000 | M28: =I68 -> 6.25 | N28: =J67 -> 24608.5
A29: =+A28+50 -> 2050 | B29: 2.32 | C29: 4756 | H29: =+H28+50 -> 2050 | I29: =ROUND(+B29*($F$11+1),2) -> 5 | J29: =H29*I29 -> 10250 | N29: =J68 -> 25000
A30: =+A29+50 -> 2100 | B30: 2.33 | C30: 4893 | H30: =+H29+50 -> 2100 | I30: =ROUND(+B30*($F$11+1),2) -> 5.02 | J30: =H30*I30 -> 10542
A31: =+A30+50 -> 2150 | B31: 2.35 | C31: 5042 | H31: =+H30+50 -> 2150 | I31: =ROUND(+B31*($F$11+1),2) -> 5.06 | J31: =H31*I31 -> 10879
A32: =+A31+50 -> 2200 | B32: 2.36 | C32: 5192 | H32: =+H31+50 -> 2200 | I32: =ROUND(+B32*($F$11+1),2) -> 5.09 | J32: =H32*I32 -> 11198
A33: =+A32+50 -> 2250 | B33: 2.38 | C33: 5344 | H33: =+H32+50 -> 2250 | I33: =ROUND(+B33*($F$11+1),2) -> 5.13 | J33: =H33*I33 -> 11542.5
A34: =+A33+50 -> 2300 | B34: 2.39 | C34: 5497 | E34: Median home price in Windsor, CA as of April | H34: =+H33+50 -> 2300 | I34: =ROUND(+B34*($F$11+1),2) -> 5.15 | J34: =H34*I34 -> 11845
A35: =+A34+50 -> 2350 | B35: 2.41 | C35: 5652 | E35: Look up value in Zillow, Trulia or other | H35: =+H34+50 -> 2350 | I35: =ROUND(+B35*($F$11+1),2) -> 5.19 | J35: =H35*I35 -> 12196.5
A36: =+A35+50 -> 2400 | B36: 2.42 | C36: 5808 | E36: comparable sites | H36: =+H35+50 -> 2400 | I36: =ROUND(+B36*($F$11+1),2) -> 5.22 | J36: =H36*I36 -> 12528
A37: =+A36+50 -> 2450 | B37: 2.44 | C37: 5966 | H37: =+H36+50 -> 2450 | I37: =ROUND(+B37*($F$11+1),2) -> 5.26 | J37: =H37*I37 -> 12887
A38: =+A37+50 -> 2500 | B38: 2.45 | C38: 6125 | F38: Current Median $ | H38: =+H37+50 -> 2500 | I38: =ROUND(+B38*($F$11+1),2) -> 5.28 | J38: =H38*I38 -> 13200
A39: =+A38+50 -> 2550 | B39: 2.47 | C39: 6296 | E39: Zillow | F39: 803989 | H39: =+H38+50 -> 2550 | I39: =ROUND(+B39*($F$11+1),2) -> 5.32 | J39: =H39*I39 -> 13566
A40: =+A39+50 -> 2600 | B40: 2.48 | C40: 6448 | E40: Movoto RE | F40: 785000 | H40: =+H39+50 -> 2600 | I40: =ROUND(+B40*($F$11+1),2) -> 5.34 | J40: =H40*I40 -> 13884
A41: =+A40+50 -> 2650 | B41: 2.5 | C41: 6612 | E41: Realtor.com | F41: 775000 | H41: =+H40+50 -> 2650 | I41: =ROUND(+B41*($F$11+1),2) -> 5.39 | J41: =H41*I41 -> 14283.5
A42: =+A41+50 -> 2700 | B42: 2.51 | C42: 6777 | H42: =+H41+50 -> 2700 | I42: =ROUND(+B42*($F$11+1),2) -> 5.41 | J42: =H42*I42 -> 14607
A43: =+A42+50 -> 2750 | B43: 2.53 | C43: 6944 | H43: =+H42+50 -> 2750 | I43: =ROUND(+B43*($F$11+1),2) -> 5.45 | J43: =H43*I43 -> 14987.5
A44: =+A43+50 -> 2800 | B44: 2.54 | C44: 7112 | H44: =+H43+50 -> 2800 | I44: =ROUND(+B44*($F$11+1),2) -> 5.47 | J44: =H44*I44 -> 15316
A45: =+A44+50 -> 2850 | B45: 2.56 | C45: 7282 | H45: =+H44+50 -> 2850 | I45: =ROUND(+B45*($F$11+1),2) -> 5.52 | J45: =H45*I45 -> 15732
A46: =+A45+50 -> 2900 | B46: 2.57 | C46: 7453 | H46: =+H45+50 -> 2900 | I46: =ROUND(+B46*($F$11+1),2) -> 5.54 | J46: =H46*I46 -> 16066
A47: =+A46+50 -> 2950 | B47: 2.59 | C47: 7626 | H47: =+H46+50 -> 2950 | I47: =ROUND(+B47*($F$11+1),2) -> 5.58 | J47: =H47*I47 -> 16461
A48: =+A47+50 -> 3000 | B48: 2.6 | C48: 7800 | H48: =+H47+50 -> 3000 | I48: =ROUND(+B48*($F$11+1),2) -> 5.6 | J48: =H48*I48 -> 16800
A49: =+A48+50 -> 3050 | B49: 2.62 | C49: 7976 | H49: =+H48+50 -> 3050 | I49: =ROUND(+B49*($F$11+1),2) -> 5.65 | J49: =H49*I49 -> 17232.5
A50: =+A49+50 -> 3100 | B50: 2.63 | C50: 8153 | H50: =+H49+50 -> 3100 | I50: =ROUND(+B50*($F$11+1),2) -> 5.67 | J50: =H50*I50 -> 17577
A51: =+A50+50 -> 3150 | B51: 2.65 | C51: 8332 | H51: =+H50+50 -> 3150 | I51: =ROUND(+B51*($F$11+1),2) -> 5.71 | J51: =H51*I51 -> 17986.5
A52: =+A51+50 -> 3200 | B52: 2.66 | C52: 8512 | H52: =+H51+50 -> 3200 | I52: =ROUND(+B52*($F$11+1),2) -> 5.73 | J52: =H52*I52 -> 18336
A53: =+A52+50 -> 3250 | B53: 2.68 | C53: 8694 | H53: =+H52+50 -> 3250 | I53: =ROUND(+B53*($F$11+1),2) -> 5.78 | J53: =H53*I53 -> 18785
... A68: =+A67+50 -> 4000 | B68: 2.9 | C68: 11600 | H68: =+H67+50 -> 4000 | I68: =ROUND(+B68*($F$11+1),2) -> 6.25 | J68: =H68*I68 -> 25000

Sheet IV. Engineering
A1: TOWN OF WINDSOR | F1: IV. Engineering
A2: =[2]Contents!$A$2 -> Master Fee Schedule, 2022-2023
H3: Prior Year Fee (copy and paste fees as a value in this column for conditional formatting)
A5: Service/Activity Category & Description | F5: Fee | I5: 7/1/09 | J5: 7/1/10 | K5: 7/1/11 | L5: 7/1/12 | M5: 41456 | N5: 41821 | O5: ='[2]I. Administration'!O5 -> 42186 | P5: 42552 | Q5: 42917 | R5: 43282 | S5: 43647 | T5: 44013 | U5: 44384 | V5: 44763
I6: 0.008 | J6: 0.017 | K6: 0.028 | L6: 0.021 | M6: 0.0238 | N6: 0.028 | O6: ='[2]I. Administration'!$O$6 -> 0.024 | P6: 0.027 | Q6: 0.038 | R6: ='[2]I. Administration'!R6 -> 0.032 | S6: ='[2]I. Administration'!S6 -> 0.04 | T6: ='[2]I. Administration'!T6 -> 0.011 | U6: 0.038 | V6: 0.05
A7: Improvement Plan Check and Inspection
B8: Plan Check and Inspection (up to 4 plan checks) | F8: 9.0% of engineer's estimate | H8: 9.0% of engineer's estimate
B9: Additional Plan Check (over 4 reviews) | F9: 1.4% of engineer's estimate | H9: 1.4% of engineer's estimate | W9: 7/7/21 removed the following (above 4 checks included in the original fee)
B10: Revision to Improvement Plan During Construction | F10: =ROUND(V10,0) -> 300 | G10: per revision plus consultant services | H10: 286.03 | I10: =206*1.008 -> 207.648 | J10: =I10*1.017 -> 211.17802 | K10: =ROUND(((1+$K$6)*J10),2) -> 217.09 | L10: =ROUND(((1+$L$6)*K10),2) -> 221.65 | M10: =ROUND(((1+$L$6)*L10),2) -> 226.3 | N10: =ROUND(((1+N$6)*M10),2) -> 232.64 | O10: =ROUND(((1+O$6)*N10),2) -> 238.22 | P10: =ROUND(((1+P$6)*O10),2) -> 244.65 | Q10: =ROUND(((1+Q$6)*P10),2) -> 253.95 | R10: =ROUND(((1+R$6)*Q10),2) -> 262.08 | S10: =ROUND(((1+S$6)*R10),2) -> 272.56 | T10: =ROUND(((1+T$6)*S10),2) -> 275.56 | U10: =ROUND(((1+U$6)*T10),2) -> 286.03 | V10: =ROUND(((1+V$6)*U10),2) -> 300.33
B11: Additional Inspection Due to Improvement Plan Revision | F11: =ROUND(V11,0) -> 150 | G11: per hour - time and materials | H11: 143.03 | I11: =103*1.008 -> 103.824 | J11: =I11*1.017 -> 105.58901 | K11: =ROUND(((1+$K$6)*J11),2) -> 108.55 | L11: =ROUND(((1+$L$6)*K11),2) -> 110.83 | M11: =ROUND(((1+$L$6)*L11),2) -> 113.16 | N11: =ROUND(((1+N$6)*M11),2) -> 116.33 | O11: =ROUND(((1+O$6)*N11),2) -> 119.12 | P11: =ROUND(((1+P$6)*O11),2) -> 122.34 | Q11: =ROUND(((1+Q$6)*P11),2) -> 126.99 | R11: =ROUND(((1+R$6)*Q11),2) -> 131.05 | S11: =ROUND(((1+S$6)*R11),2) -> 136.29 | T11: =ROUND(((1+T$6)*S11),2) -> 137.79 | U11: =ROUND(((1+U$6)*T11),2) -> 143.03 | V11: =ROUND(((1+V$6)*U11),2) -> 150.18
B12: Special Projects and Inspections (cost recovery) | F12: Actual consultant rate per hour
B13: (Fees listed above do not include SWLID/SWDOC/WELO - see below)
A15: Map Check
B16: Fixed Fee | F16: =ROUND(V16,0) -> 4712 | G16: per application | H16: 4487.66 | I16: =3232*1.008 -> 3257.856 | J16: =I16*1.017 -> 3313.2396 | K16: =ROUND(((1+$K$6)*J16),2) -> 3406.01 | L16: =ROUND(((1+$L$6)*K16),2) -> 3477.54 | M16: =ROUND(((1+$L$6)*L16),2) -> 3550.57 | N16: =ROUND(((1+N$6)*M16),2) -> 3649.99 | O16: =ROUND(((1+O$6)*N16),2) -> 3737.59 | P16: =ROUND(((1+P$6)*O16),2) -> 3838.5 | Q16: =ROUND(((1+Q$6)*P16),2) -> 3984.36 | R16: =ROUND(((1+R$6)*Q16),2) -> 4111.86 | S16: =ROUND(((1+S$6)*R16),2) -> 4276.33 | T16: =ROUND(((1+T$6)*S16),2) -> 4323.37 | U16: =ROUND(((1+U$6)*T16),2) -> 4487.66 | V16: =ROUND(((1+V$6)*U16),2) -> 4712.04
B17: plus: Lot/Parcel Fee | F17: =ROUND(V17,0) -> 163 | G17: per lot/parcel | H17: 155.53 | I17: =112*1.008 -> 112.896 | J17: =I17*1.017 -> 114.81523 | K17: =ROUND(((1+$K$6)*J17),2) -> 118.03 | L17: =ROUND(((1+$L$6)*K17),2) -> 120.51 | M17: =ROUND(((1+$L$6)*L17),2) -> 123.04 | N17: =ROUND(((1+N$6)*M17),2) -> 126.49 | O17: =ROUND(((1+O$6)*N17),2) -> 129.53 | P17: =ROUND(((1+P$6)*O17),2) -> 133.03 | Q17: =ROUND(((1+Q$6)*P17),2) -> 138.09 | R17: =ROUND(((1+R$6)*Q17),2) -> 142.51 | S17: =ROUND(((1+S$6)*R17),2) -> 148.21 | T17: =ROUND(((1+T$6)*S17),2) -> 149.84 | U17: =ROUND(((1+U$6)*T17),2) -> 155.53 | V17: =ROUND(((1+V$6)*U17),2) -> 163.31
A19: Encroachment Permits
B20: Review, Major | F20: =ROUND(V20,0) -> 292 | G20: per application | H20: 277.71 | I20: =200*1.008 -> 201.6 | J20: =I20*1.017 -> 205.0272 | K20: =ROUND(((1+$K$6)*J20),2) -> 210.77 | L20: =ROUND(((1+$L$6)*K20),2) -> 215.2 | M20: =ROUND(((1+$L$6)*L20),2) -> 219.72 | N20: =ROUND(((1+N$6)*M20),2) -> 225.87 | O20: =ROUND(((1+O$6)*N20),2) -> 231.29 | P20: =ROUND(((1+P$6)*O20),2) -> 237.53 | Q20: =ROUND(((1+Q$6)*P20),2) -> 246.56 | R20: =ROUND(((1+R$6)*Q20),2) -> 254.45 | S20: =ROUND(((1+S$6)*R20),2) -> 264.63 | T20: =ROUND(((1+T$6)*S20),2) -> 267.54 | U20: =ROUND(((1+U$6)*T20),2) -> 277.71 | V20: =ROUND(((1+V$6)*U20),2) -> 291.6
B21: Review, Subcontractor | F21: =ROUND(U21,0) -> 0 | H21: 0 | P21: =ROUND(((1+P$6)*O21),2) -> 0 | Q21: =ROUND(((1+Q$6)*P21),2) -> 0 | R21: =ROUND(((1+R$6)*Q21),2) -> 0 | S21: =ROUND(((1+S$6)*R21),2) -> 0 | T21: =ROUND(((1+T$6)*S21),2) -> 0 | U21: =ROUND(((1+U$6)*T21),2) -> 0
B22: Review, Minor | F22: =ROUND(V22,0) -> 72 | G22: per application | H22: 68.87 | I22: 50 | J22: =I22*1.017 -> 50.85 | K22: =ROUND(((1+$K$6)*J22),2) -> 52.27 | L22: =ROUND(((1+$L$6)*K22),2) -> 53.37 | M22: =ROUND(((1+$L$6)*L22),2) -> 54.49 | N22: =ROUND(((1+N$6)*M22),2) -> 56.02 | O22: =ROUND(((1+O$6)*N22),2) -> 57.36 | P22: =ROUND(((1+P$6)*O22),2) -> 58.91 | Q22: =ROUND(((1+Q$6)*P22),2) -> 61.15 | R22: =ROUND(((1+R$6)*Q22),2) -> 63.11 | S22: =ROUND(((1+S$6)*R22),2) -> 65.63 | T22: =ROUND(((1+T$6)*S22),2) -> 66.35 | U22: =ROUND(((1+U$6)*T22),2) -> 68.87 | V22: =ROUND(((1+V$6)*U22),2) -> 72.31
B23: plus: Inspection | F23: =ROUND(V23,0) -> 150 | G23: per hour | H23: 143.03 | I23: =103*1.008 -> 103.824 | J23: =I23*1.017 -> 105.58901 | K23: =ROUND(((1+$K$6)*J23),2) -> 108.55 | L23: =ROUND(((1+$L$6)*K23),2) -> 110.83 | M23: =ROUND(((1+$L$6)*L23),2) -> 113.16 | N23: =ROUND(((1+N$6)*M23),2) -> 116.33 | O23: =ROUND(((1+O$6)*N23),2) -> 119.12 | P23: =ROUND(((1+P$6)*O23),2) -> 122.34 | Q23: =ROUND(((1+Q$6)*P23),2) -> 126.99 | R23: =ROUND(((1+R$6)*Q23),2) -> 131.05 | S23: =ROUND(((1+S$6)*R23),2) -> 136.29 | T23: =ROUND(((1+T$6)*S23),2) -> 137.79 | U23: =ROUND(((1+U$6)*T23),2) -> 143.03 | V23: =ROUND(((1+V$6)*U23),2) -> 150.18
A25: Inspection
B26: Town Inspector(s) | F26: =ROUND(V26,0) -> 150 | G26: per hour | H26: 143.03 | I26: =103*1.008 -> 103.824 | J26: =I26*1.017 -> 105.58901 | K26: =ROUND(((1+$K$6)*J26),2) -> 108.55 | L26: =ROUND(((1+$L$6)*K26),2) -> 110.83 | M26: =ROUND(((1+$L$6)*L26),2) -> 113.16 | N26: =ROUND(((1+N$6)*M26),2) -> 116.33 | O26: =ROUND(((1+O$6)*N26),2) -> 119.12 | P26: =ROUND(((1+P$6)*O26),2) -> 122.34 | Q26: =ROUND(((1+Q$6)*P26),2) -> 126.99 | R26: =ROUND(((1+R$6)*Q26),2) -> 131.05 | S26: =ROUND(((1+S$6)*R26),2) -> 136.29 | T26: =ROUND(((1+T$6)*S26),2) -> 137.79 | U26: =ROUND(((1+U$6)*T26),2) -> 143.03 | V26: =ROUND(((1+V$6)*U26),2) -> 150.18
B27: and/or: Consultant | F27: Actual consultant rate per hour
A29: Transportation Permits
B30: Daily Transportation Permit | F30: 16 | G30: per application per day | I30: Est by state
B31: Annual Transportation Permit | F31: 90 | G31: per application per year | I31: Est by state
A33: Public Right of Way/Easement Abandonment
B34: Consultant Report | F34: Actual consultant rate per hour
B35: plus: Administration | F35: =ROUND(V35,0) -> 150 | G35: per hour | H35: 143.03 | I35: =103*1.008 -> 103.824 | J35: =I35*1.017 -> 105.58901 | K35: =ROUND(((1+$K$6)*J35),2) -> 108.55 | L35: =ROUND(((1+$L$6)*K35),2) -> 110.83 | M35: =ROUND(((1+$L$6)*L35),2) -> 113.16 | N35: =ROUND(((1+N$6)*M35),2) -> 116.33 | O35: =ROUND(((1+O$6)*N35),2) -> 119.12 | P35: =ROUND(((1+P$6)*O35),2) -> 122.34 | Q35: =ROUND(((1+Q$6)*P35),2) -> 126.99 | R35: =ROUND(((1+R$6)*Q35),2) -> 131.05 | S35: =ROUND(((1+S$6)*R35),2) -> 136.29 | T35: =ROUND(((1+T$6)*S35),2) -> 137.79 | U35: =ROUND(((1+U$6)*T35),2) -> 143.03 | V35: =ROUND(((1+V$6)*U35),2) -> 150.18
A37: Reapportionment
B38: Consultant Report | F38: Actual consultant rate per hour
B39: plus: Administration | F39: =ROUND(V39,0) -> 449 | G39: per application | H39: 427.66 | I39: =308*1.008 -> 310.464 | J39: =I39*1.017 -> 315.74189 | K39: =ROUND(((1+$K$6)*J39),2) -> 324.58 | L39: =ROUND(((1+$L$6)*K39),2) -> 331.4 | M39: =ROUND(((1+$L$6)*L39),2) -> 338.36 | N39: =ROUND(((1+N$6)*M39),2) -> 347.83 | O39: =ROUND(((1+O$6)*N39),2) -> 356.18 | P39: =ROUND(((1+P$6)*O39),2) -> 365.8 | Q39: =ROUND(((1+Q$6)*P39),2) -> 379.7 | R39: =ROUND(((1+R$6)*Q39),2) -> 391.85 | S39: =ROUND(((1+S$6)*R39),2) -> 407.52 | T39: =ROUND(((1+T$6)*S39),2) -> 412 | U39: =ROUND(((1+U$6)*T39),2) -> 427.66 | V39: =ROUND(((1+V$6)*U39),2) -> 449.04
A41: Traffic Impact Study
B42: Consultant Report: | F42: Actual consultant rate per hour | H42: actual consultant rate per hour | U42: New 7/7/21
C43: Level 1, Less than 50 peak hour trips/2 study intersection | F43: =ROUND(U43,0) -> 0 | G43: per study | H43: =T43 -> 7623.38 | I43: =5700*1.008 -> 5745.6 | J43: =I43*1.017 -> 5843.2752 | K43: =ROUND(((1+$K$6)*J43),2) -> 6006.89 | L43: =ROUND(((1+$L$6)*K43),2) -> 6133.03 | M43: =ROUND(((1+$L$6)*L43),2) -> 6261.82 | N43: =ROUND(((1+N$6)*TRUNC(M43)),2) -> 6436.31 | O43: =ROUND(((1+O$6)*TRUNC(N43)),2) -> 6590.46 | P43: =ROUND(((1+P$6)*O43),2) -> 6768.4 | Q43: =ROUND(((1+Q$6)*P43),2) -> 7025.6 | R43: =ROUND(((1+R$6)*Q43),2) -> 7250.42 | S43: =ROUND(((1+S$6)*R43),2) -> 7540.44 | T43: =ROUND(((1+T$6)*S43),2) -> 7623.38
C44: Level 2, 51-100 peak hour trips/4 study intersections | F44: =ROUND(U44,0) -> 0 | G44: per study | H44: =T44 -> 9898.8 | I44: =7400*1.008 -> 7459.2 | J44: =I44*1.017 -> 7586.0064 | K44: =ROUND(((1+$K$6)*J44),2) -> 7798.41 | L44: =ROUND(((1+$L$6)*K44),2) -> 7962.18 | M44: =ROUND(((1+$L$6)*L44),2) -> 8129.39 | N44: =ROUND(((1+N$6)*M44),2) -> 8357.01 | O44: =ROUND(((1+O$6)*N44),2) -> 8557.58 | P44: =ROUND(((1+P$6)*O44),2) -> 8788.63 | Q44: =ROUND(((1+Q$6)*P44),2) -> 9122.6 | R44: =ROUND(((1+R$6)*Q44),2) -> 9414.52 | S44: =ROUND(((1+S$6)*R44),2) -> 9791.1 | T44: =ROUND(((1+T$6)*S44),2) -> 9898.8
C45: Level 3, 101-250 peak hour trips/6 study intersections | F45: =ROUND(U45,0) -> 0 | G45: per study | H45: =T45 -> 12039.09 | I45: =9000*1.008 -> 9072 | J45: =I45*1.017 -> 9226.224 | K45: =ROUND(((1+$K$6)*J45),2) -> 9484.56 | L45: =ROUND(((1+$L$6)*K45),2) -> 9683.74 | M45: =ROUND(((1+$L$6)*L45),2) -> 9887.1 | N45: =ROUND(((1+N$6)*M45),2) -> 10163.94 | O45: =ROUND(((1+O$6)*N45),2) -> 10407.87 | P45: =ROUND(((1+P$6)*O45),2) -> 10688.88 | Q45: =ROUND(((1+Q$6)*P45),2) -> 11095.06 | R45: =ROUND(((1+R$6)*Q45),2) -> 11450.1 | S45: =ROUND(((1+S$6)*R45),2) -> 11908.1 | T45: =ROUND(((1+T$6)*S45),2) -> 12039.09
C46: Special Study | F46: Actual consultant rate per hour | H46: actual consultant rate per hour
C47: Amendment to Study | F47: =ROUND(V47,0) -> 2187 | G47: per amendment | H47: 2082.77 | I47: =1500*1.008 -> 1512 | J47: =I47*1.017 -> 1537.704 | K47: =ROUND(((1+$K$6)*J47),2) -> 1580.76 | L47: =ROUND(((1+$L$6)*K47),2) -> 1613.96 | M47: =ROUND(((1+$L$6)*L47),2) -> 1647.85 | N47: =ROUND(((1+N$6)*M47),2) -> 1693.99 | O47: =ROUND(((1+O$6)*N47),2) -> 1734.65 | P47: =ROUND(((1+P$6)*O47),2) -> 1781.49 | Q47: =ROUND(((1+Q$6)*P47),2) -> 1849.19 | R47: =ROUND(((1+R$6)*Q47),2) -> 1908.36 | S47: =ROUND(((1+S$6)*R47),2) -> 1984.69 | T47: =ROUND(((1+T$6)*S47),2) -> 2006.52 | U47: =ROUND(((1+U$6)*T47),2) -> 2082.77 | V47: =ROUND(((1+V$6)*U47),2) -> 2186.91
B48: plus: Administration | F48: =ROUND(V48,0) -> 300 | G48: per application | H48: 286.03 | I48: =206*1.008 -> 207.648 | J48: =I48*1.017 -> 211.17802 | K48: =ROUND(((1+$K$6)*J48),2) -> 217.09 | L48: =ROUND(((1+$L$6)*K48),2) -> 221.65 | M48: =ROUND(((1+$L$6)*L48),2) -> 226.3 | N48: =ROUND(((1+N$6)*M48),2) -> 232.64 | O48: =ROUND(((1+O$6)*N48),2) -> 238.22 | P48: =ROUND(((1+P$6)*O48),2) -> 244.65 | Q48: =ROUND(((1+Q$6)*P48),2) -> 253.95 | R48: =ROUND(((1+R$6)*Q48),2) -> 262.08 | S48: =ROUND(((1+S$6)*R48),2) -> 272.56 | T48: =ROUND(((1+T$6)*S48),2) -> 275.56 | U48: =ROUND(((1+U$6)*T48),2) -> 286.03 | V48: =ROUND(((1+V$6)*U48),2) -> 300.33
A50: Deeds
B51: Consultant Report | F51: =ROUND(V51,0) -> 729 | G51: per document | H51: 694.26 | I51: =500*1.008 -> 504 | J51: =I51*1.017 -> 512.568 | K51: =ROUND(((1+$K$6)*J51),2) -> 526.92 | L51: =ROUND(((1+$L$6)*K51),2) -> 537.99 | M51: =ROUND(((1+$L$6)*L51),2) -> 549.29 | N51: =ROUND(((1+N$6)*M51),2) -> 564.67 | O51: =ROUND(((1+O$6)*N51),2) -> 578.22 | P51: =ROUND(((1+P$6)*O51),2) -> 593.83 | Q51: =ROUND(((1+Q$6)*P51),2) -> 616.4 | R51: =ROUND(((1+R$6)*Q51),2) -> 636.12 | S51: =ROUND(((1+S$6)*R51),2) -> 661.56 | T51: =ROUND(((1+T$6)*S51),2) -> 668.84 | U51: =ROUND(((1+U$6)*T51),2) -> 694.26 | V51: =ROUND(((1+V$6)*U51),2) -> 728.97
B52: plus: Administration | F52: =ROUND(V52,0) -> 225 | G52: per application | H52: 213.84 | I52: =154*1.008 -> 155.232 | J52: =I52*1.017 -> 157.87094 | K52: =ROUND(((1+$K$6)*J52),2) -> 162.29 | L52: =ROUND(((1+$L$6)*K52),2) -> 165.7 | M52: =ROUND(((1+$L$6)*L52),2) -> 169.18 | N52: =ROUND(((1+N$6)*M52),2) -> 173.92 | O52: =ROUND(((1+O$6)*N52),2) -> 178.09 | P52: =ROUND(((1+P$6)*O52),2) -> 182.9 | Q52: =ROUND(((1+Q$6)*P52),2) -> 189.85 | R52: =ROUND(((1+R$6)*Q52),2) -> 195.93 | S52: =ROUND(((1+S$6)*R52),2) -> 203.77 | T52: =ROUND(((1+T$6)*S52),2) -> 206.01 | U52: =ROUND(((1+U$6)*T52),2) -> 213.84 | V52: =ROUND(((1+V$6)*U52),2) -> 224.53
A54: Lot Line Adjustment
B55: Consultant Report | F55: =ROUND(V55,0) -> 729 | G55: per document | H55: 694.26 | I55: =500*1.008 -> 504 | J55: =I55*1.017 -> 512.568 | K55: =ROUND(((1+$K$6)*J55),2) -> 526.92 | L55: =ROUND(((1+$L$6)*K55),2) -> 537.99 | M55: =ROUND(((1+$L$6)*L55),2) -> 549.29 | N55: =ROUND(((1+N$6)*M55),2) -> 564.67 | O55: =ROUND(((1+O$6)*N55),2) -> 578.22 | P55: =ROUND(((1+P$6)*O55),2) -> 593.83 | Q55: =ROUND(((1+Q$6)*P55),2) -> 616.4 | R55: =ROUND(((1+R$6)*Q55),2) -> 636.12 | S55: =ROUND(((1+S$6)*R55),2) -> 661.56 | T55: =ROUND(((1+T$6)*S55),2) -> 668.84 | U55: =ROUND(((1+U$6)*T55),2) -> 694.26 | V55: =ROUND(((1+V$6)*U55),2) -> 728.97
B56: plus: Administration | F56: =ROUND(V56,0) -> 225 | G56: per application | H56: 213.84 | I56: =154*1.008 -> 155.232 | J56: =I56*1.017 -> 157.87094 | K56: =ROUND(((1+$K$6)*J56),2) -> 162.29 | L56: =ROUND(((1+$L$6)*K56),2) -> 165.7 | M56: =ROUND(((1+$L$6)*L56),2) -> 169.18 | N56: =ROUND(((1+N$6)*M56),2) -> 173.92 | O56: =ROUND(((1+O$6)*N56),2) -> 178.09 | P56: =ROUND(((1+P$6)*O56),2) -> 182.9 | Q56: =ROUND(((1+Q$6)*P56),2) -> 189.85 | R56: =ROUND(((1+R$6)*Q56),2) -> 195.93 | S56: =ROUND(((1+S$6)*R56),2) -> 203.77 | T56: =ROUND(((1+T$6)*S56),2) -> 206.01 | U56: =ROUND(((1+U$6)*T56),2) -> 213.84 | V56: =ROUND(((1+V$6)*U56),2) -> 224.53
A58: Lot Merger
B59: Administration | F59: =ROUND(V59,0) -> 225 | G59: per application | H59: 213.83 | T59: 206 | U59: =ROUND(((1+U$6)*T59),2) -> 213.83 | V59: =ROUND(((1+V$6)*U59),2) -> 224.52
A61: Certificate of Correction
B62: Consultant Report | F62: =ROUND(V62,0) -> 364 | G62: per document | H62: 347.13 | I62: =250*1.008 -> 252 | J62: =I62*1.017 -> 256.284 | K62: =ROUND(((1+$K$6)*J62),2) -> 263.46 | L62: =ROUND(((1+$L$6)*K62),2) -> 268.99 | M62: =ROUND(((1+$L$6)*L62),2) -> 274.64 | N62: =ROUND(((1+N$6)*M62),2) -> 282.33 | O62: =ROUND(((1+O$6)*N62),2) -> 289.11 | P62: =ROUND(((1+P$6)*O62),2) -> 296.92 | Q62: =ROUND(((1+Q$6)*P62),2) -> 308.2 | R62: =ROUND(((1+R$6)*Q62),2) -> 318.06 | S62: =ROUND(((1+S$6)*R62),2) -> 330.78 | T62: =ROUND(((1+T$6)*S62),2) -> 334.42 | U62: =ROUND(((1+U$6)*T62),2) -> 347.13 | V62: =ROUND(((1+V$6)*U62),2) -> 364.49
B63: plus: Administration | F63: =ROUND(V63,0) -> 150 | G63: per application | H63: 143.03 | I63: =103*1.008 -> 103.824 | J63: =I63*1.017 -> 105.58901 | K63: =ROUND(((1+$K$6)*J63),2) -> 108.55 | L63: =ROUND(((1+$L$6)*K63),2) -> 110.83 | M63: =ROUND(((1+$L$6)*L63),2) -> 113.16 | N63: =ROUND(((1+N$6)*M63),2) -> 116.33 | O63: =ROUND(((1+O$6)*N63),2) -> 119.12 | P63: =ROUND(((1+P$6)*O63),2) -> 122.34 | Q63: =ROUND(((1+Q$6)*P63),2) -> 126.99 | R63: =ROUND(((1+R$6)*Q63),2) -> 131.05 | S63: =ROUND(((1+S$6)*R63),2) -> 136.29 | T63: =ROUND(((1+T$6)*S63),2) -> 137.79 | U63: =ROUND(((1+U$6)*T63),2) -> 143.03 | V63: =ROUND(((1+V$6)*U63),2) -> 150.18
A65: Certification of Compliance | F65: =ROUND(V65,0) -> 131 | G65: per application | H65: 125 | U65: 125 | V65: =ROUND(((1+V$6)*U65),2) -> 131.25
A67: Appraisal Services
B68: Consultant Services | F68: Actual consultant rate per hour
B69: plus: Administration | F69: =F106*2 -> 300 | G69: per request | H69: =U69 -> 286.06 | I69: two hours of engineering time | U69: =U106*2 -> 286.06 | V69: =V106*2 -> 300.36
A71: Development Impact Fee Refund (Project Withdrawn)
B72: Residential | F72: =ROUND(V72,0) -> 300 | G72: per request | H72: 286.03 | I72: =206*1.008 -> 207.648 | J72: =I72*1.017 -> 211.17802 | K72: =ROUND(((1+$K$6)*J72),2) -> 217.09 | L72: =ROUND(((1+$L$6)*K72),2) -> 221.65 | M72: =ROUND(((1+$L$6)*L72),2) -> 226.3 | N72: =ROUND(((1+N$6)*M72),2) -> 232.64 | O72: =ROUND(((1+O$6)*N72),2) -> 238.22 | P72: =ROUND(((1+P$6)*O72),2) -> 244.65 | Q72: =ROUND(((1+Q$6)*P72),2) -> 253.95 | R72: =ROUND(((1+R$6)*Q72),2) -> 262.08 | S72: =ROUND(((1+S$6)*R72),2) -> 272.56 | T72: =ROUND(((1+T$6)*S72),2) -> 275.56 | U72: =ROUND(((1+U$6)*T72),2) -> 286.03 | V72: =ROUND(((1+V$6)*U72),2) -> 300.33
B73: Non-Residential | F73: =ROUND(V73,0) -> 599 | G73: per request | H73: 570.68 | I73: =411*1.008 -> 414.288 | J73: =I73*1.017 -> 421.3309 | K73: =ROUND(((1+$K$6)*J73),2) -> 433.13 | L73: =ROUND(((1+$L$6)*K73),2) -> 442.23 | M73: =ROUND(((1+$L$6)*L73),2) -> 451.52 | N73: =ROUND(((1+N$6)*M73),2) -> 464.16 | O73: =ROUND(((1+O$6)*N73),2) -> 475.3 | P73: =ROUND(((1+P$6)*O73),2) -> 488.13 | Q73: =ROUND(((1+Q$6)*P73),2) -> 506.68 | R73: =ROUND(((1+R$6)*Q73),2) -> 522.89 | S73: =ROUND(((1+S$6)*R73),2) -> 543.81 | T73: =ROUND(((1+T$6)*S73),2) -> 549.79 | U73: =ROUND(((1+U$6)*T73),2) -> 570.68 | V73: =ROUND(((1+V$6)*U73),2) -> 599.21
A75: Senate Bill 9 - Lot Split Application
B76: Consultant Services | F76: Actual consultant rate per hour
B77: plus: Administration | F77: =F106*2 -> 300 | G77: per request | I77: Engineering hourly rate x 2, as a deposit and unused monies will be refunded until FY23/24 with an established rate. | V77: =V106*2 -> 300.36
A79: Special Printing
B80: Base Maps | F80: =ROUND(V80,0) -> 22 | G80: per page | H80: 20.83 | I80: =15*1.008 -> 15.12 | J80: =I80*1.017 -> 15.37704 | K80: =ROUND(((1+$K$6)*J80),2) -> 15.81 | L80: =ROUND(((1+$L$6)*K80),2) -> 16.14 | M80: =ROUND(((1+$L$6)*L80),2) -> 16.48 | N80: =ROUND(((1+N$6)*M80),2) -> 16.94 | O80: =ROUND(((1+O$6)*N80),2) -> 17.35 | P80: =ROUND(((1+P$6)*O80),2) -> 17.82 | Q80: =ROUND(((1+Q$6)*P80),2) -> 18.5 | R80: =ROUND(((1+R$6)*Q80),2) -> 19.09 | S80: =ROUND(((1+S$6)*R80),2) -> 19.85 | T80: =ROUND(((1+T$6)*S80),2) -> 20.07 | U80: =ROUND(((1+U$6)*T80),2) -> 20.83 | V80: =ROUND(((1+V$6)*U80),2) -> 21.87
B81: Large Document Copy | F81: =ROUND(V81,0) -> 15 | G81: per page | H81: 13.89 | I81: =10*1.008 -> 10.08 | J81: =I81*1.017 -> 10.25136 | K81: =ROUND(((1+$K$6)*J81),2) -> 10.54 | L81: =ROUND(((1+$L$6)*K81),2) -> 10.76 | M81: =ROUND(((1+$L$6)*L81),2) -> 10.99 | N81: =ROUND(((1+N$6)*M81),2) -> 11.3 | O81: =ROUND(((1+O$6)*N81),2) -> 11.57 | P81: =ROUND(((1+P$6)*O81),2) -> 11.88 | Q81: =ROUND(((1+Q$6)*P81),2) -> 12.33 | R81: =ROUND(((1+R$6)*Q81),2) -> 12.72 | S81: =ROUND(((1+S$6)*R81),2) -> 13.23 | T81: =ROUND(((1+T$6)*S81),2) -> 13.38 | U81: =ROUND(((1+U$6)*T81),2) -> 13.89 | V81: =ROUND(((1+V$6)*U81),2) -> 14.58
A83: Special Studies
B84: Consultant Report | F84: =ROUND(V84,0) -> 300 | G84: per application plus consultant services | H84: 286.03 | I84: 207.65 | J84: =I84*1.017 -> 211.18005 | K84: =ROUND(((1+$K$6)*J84),2) -> 217.09 | L84: =ROUND(((1+$L$6)*K84),2) -> 221.65 | M84: =ROUND(((1+$L$6)*L84),2) -> 226.3 | N84: =ROUND(((1+N$6)*M84),2) -> 232.64 | O84: =ROUND(((1+O$6)*N84),2) -> 238.22 | P84: =ROUND(((1+P$6)*O84),2) -> 244.65 | Q84: =ROUND(((1+Q$6)*P84),2) -> 253.95 | R84: =ROUND(((1+R$6)*Q84),2) -> 262.08 | S84: =ROUND(((1+S$6)*R84),2) -> 272.56 | T84: =ROUND(((1+T$6)*S84),2) -> 275.56 | U84: =ROUND(((1+U$6)*T84),2) -> 286.03 | V84: =ROUND(((1+V$6)*U84),2) -> 300.33
B85: Consultant Peer Review | F85: =ROUND(V85,0) -> 300 | G85: per application plus consultant services | H85: 286.03 | I85: 207.65 | J85: =I85*1.017 -> 211.18005 | K85: =ROUND(((1+$K$6)*J85),2) -> 217.09 | L85: =ROUND(((1+$L$6)*K85),2) -> 221.65 | M85: =ROUND(((1+$L$6)*L85),2) -> 226.3 | N85: =ROUND(((1+N$6)*M85),2) -> 232.64 | O85: =ROUND(((1+O$6)*N85),2) -> 238.22 | P85: =ROUND(((1+P$6)*O85),2) -> 244.65 | Q85: =ROUND(((1+Q$6)*P85),2) -> 253.95 | R85: =ROUND(((1+R$6)*Q85),2) -> 262.08 | S85: =ROUND(((1+S$6)*R85),2) -> 272.56 | T85: =ROUND(((1+T$6)*S85),2) -> 275.56 | U85: =ROUND(((1+U$6)*T85),2) -> 286.03 | V85: =ROUND(((1+V$6)*U85),2) -> 300.33
B86: Storm Water Low Impact Development (SWLID) | F86: =ROUND(V86,0) -> 300 | G86: per application plus consultant services | H86: 286.03 | T86: 275.56 | U86: =ROUND(((1+U$6)*T86),2) -> 286.03 | V86: =ROUND(((1+V$6)*U86),2) -> 300.33
B87: Declaration of Covenants for Storm Water Facilities (SWDOC) | F87: =ROUND(V87,0) -> 300 | G87: per application plus consultant services | H87: 286.03 | T87: 275.56 | U87: =ROUND(((1+U$6)*T87),2) -> 286.03 | V87: =ROUND(((1+V$6)*U87),2) -> 300.33
B88: Water Efficient Landscape Ordinance (WELO) | F88: =ROUND(V88,0) -> 300 | G88: per application plus consultant services | H88: 286.03 | T88: 275.56 | U88: =ROUND(((1+U$6)*T88),2) -> 286.03 | V88: =ROUND(((1+V$6)*U88),2) -> 300.33
A92: Town Attorney Cost Recovery
B93: For any activity requiring review by the Town Attorney, the applicant shall reimburse the Town for actual costs incurred
B94: from the Town Attorney. The Director of the Public Works Department shall determine the appropriate deposit to be
B95: submitted by the applicant for recovery of Town Attorney costs.
A97: Cost Recovery for Professional Consulting Services
B98: For any activity requiring professional consulting services, the applicant shall reimburse the Town for actual costs
B99: incurred to employ professional consulting services. The Public Works Director shall determine the appropriate
B100: deposit to be submitted by the applicant for recovery of professional consulting costs.
A102: Development Review Services
B103: For services requested of Town staff for which no fee is listed in this Master Fee Schedule, the Public Works Director
B104: shall determine the appropriate fee, based on the following hourly rates for staff time involved in the service or activity:
C105: Planning Staff: | F105: =ROUND(V105,0) -> 220 | G105: per hour | H105: 209.64 | I105: =151*1.008 -> 152.208 | J105: =I105*1.017 -> 154.79554 | K105: =ROUND(((1+$K$6)*J105),2) -> 159.13 | L105: =ROUND(((1+$L$6)*K105),2) -> 162.47 | M105: =ROUND(((1+$L$6)*L105),2) -> 165.88 | N105: =ROUND(((1+N$6)*M105),2) -> 170.52 | O105: =ROUND(((1+O$6)*N105),2) -> 174.61 | P105: =ROUND(((1+P$6)*O105),2) -> 179.32 | Q105: =ROUND(((1+Q$6)*P105),2) -> 186.13 | R105: =ROUND(((1+R$6)*Q105),2) -> 192.09 | S105: =ROUND(((1+S$6)*R105),2) -> 199.77 | T105: =ROUND(((1+T$6)*S105),2) -> 201.97 | U105: =ROUND(((1+U$6)*T105),2) -> 209.64 | V105: =ROUND(((1+V$6)*U105),2) -> 220.12
C106: Engineering Staff: | F106: =ROUND(V106,0) -> 150 | G106: per hour | H106: 143.03 | I106: =103*1.008 -> 103.824 | J106: =I106*1.017 -> 105.58901 | K106: =ROUND(((1+$K$6)*J106),2) -> 108.55 | L106: =ROUND(((1+$L$6)*K106),2) -> 110.83 | M106: =ROUND(((1+$L$6)*L106),2) -> 113.16 | N106: =ROUND(((1+N$6)*M106),2) -> 116.33 | O106: =ROUND(((1+O$6)*N106),2) -> 119.12 | P106: =ROUND(((1+P$6)*O106),2) -> 122.34 | Q106: =ROUND(((1+Q$6)*P106),2) -> 126.99 | R106: =ROUND(((1+R$6)*Q106),2) -> 131.05 | S106: =ROUND(((1+S$6)*R106),2) -> 136.29 | T106: =ROUND(((1+T$6)*S106),2) -> 137.79 | U106: =ROUND(((1+U$6)*T106),2) -> 143.03 | V106: =ROUND(((1+V$6)*U106),2) -> 150.18
C107: Building Inspection Staff: | F107: =ROUND(V107,0) -> 201 | G107: per hour | H107: 191.6 | I107: =138*1.008 -> 139.104 | J107: =I107*1.017 -> 141.46877 | K107: =ROUND(((1+$K$6)*J107),2) -> 145.43 | L107: =ROUND(((1+$L$6)*K107),2) -> 148.48 | M107: =ROUND(((1+$L$6)*L107),2) -> 151.6 | N107: =ROUND(((1+N$6)*M107),2) -> 155.84 | O107: =ROUND(((1+O$6)*N107),2) -> 159.58 | P107: =ROUND(((1+P$6)*O107),2) -> 163.89 | Q107: =ROUND(((1+Q$6)*P107),2) -> 170.12 | R107: =ROUND(((1+R$6)*Q107),2) -> 175.56 | S107: =ROUND(((1+S$6)*R107),2) -> 182.58 | T107: =ROUND(((1+T$6)*S107),2) -> 184.59 | U107: =ROUND(((1+U$6)*T107),2) -> 191.6 | V107: =ROUND(((1+V$6)*U107),2) -> 201.18

Sheet VI. Public Works
A1: TOWN OF WINDSOR | F1: VI. Public Works
A2: ='[2]I. Administration'!$A$2 -> Master Fee Schedule, 2022-2023
H3: Prior Year Fee (copy and paste fees as a value in this column for conditional formatting)
M4: 13/14 | N4: 14/15 | O4: 15/16 | P4: 16/17 | Q4: 16/17 | R4: 16/17
A5: Service/Activity Category & Description | F5: Fee | I5: 7/1/09 | J5: 7/1/10 | K5: 7/1/11 | L5: 7/1/12 | M5: 41456 | N5: 41821 | O5: ='[2]I. Administration'!O5 -> 42186 | P5: 42552 | Q5: 42917 | R5: 43282 | S5: 43647 | T5: 44013 | U5: 44384 | V5: 44763
I6: 0.008 | J6: 0.017 | K6: 0.028 | L6: 0.021 | M6: 0.0238 | N6: 0.028 | O6: ='[2]I. Administration'!$O$6 -> 0.024 | P6: 0.027 | Q6: 0.038 | R6: ='[2]I. Administration'!R6 -> 0.032 | S6: ='[2]I. Administration'!S6 -> 0.04 | T6: ='[2]I. Administration'!T6 -> 0.011 | U6: 0.038 | V6: 0.05
A7: Leak Test
B8: First Call | F8: 0 | G8: per call | H8: 0
B9: Subsequent Calls with No Leak Found | F9: =F112 -> 125 | G9: per hour | H9: =H112 -> 119.41 | I9: =65*1.008 -> 65.52 | J9: =I9*1.017 -> 66.63384 | K9: =ROUND(((1+$K$6)*J9),2) -> 68.5 | L9: =ROUND(((1+$L$6)*K9),2) -> 69.94 | M9: =ROUND(((1+$L$6)*L9),2) -> 71.41 | N9: =ROUND(((1+N$6)*M9),2) -> 73.41 | O9: =ROUND(((1+O$6)*N9),2) -> 75.17 | P9: =ROUND(((1+P$6)*O9),2) -> 77.2 | Q9: =ROUND(((1+Q$6)*P9),2) -> 80.13 | R9: =ROUND(((1+R$6)*Q9),2) -> 82.69 | W9: Change to per hour
B10: After Hours | F10: =ROUND($V10,0) -> 163 | G10: per hour | H10: =U10 -> 155.7 | S10: 327 | T10: 150 | U10: =ROUND(((1+U$6)*T10),2) -> 155.7 | V10: =ROUND(((1+V$6)*U10),2) -> 163.49 | W10: SB998 Effective Feb 1, 2020 maximum charge $150 (1/1/21 annual CPI)
A12: Inaccessible Meter - Surface Obstruction
B13: First Occurrence | F13: Notified in writing | H13: Notified in writing
B14: Subsequent Attempt, Notified in Writing | F14: =ROUND($V14,0) -> 51 | G14: per occurrence for removal | H14: =U14 -> 48.59 | I14: =35*1.008 -> 35.28 | J14: =I14*1.017 -> 35.87976 | K14: =ROUND(((1+$K$6)*J14),2) -> 36.88 | L14: =ROUND(((1+$L$6)*K14),2) -> 37.65 | M14: =ROUND(((1+$L$6)*L14),2) -> 38.44 | N14: =ROUND(((1+N$6)*M14),2) -> 39.52 | O14: =ROUND(((1+O$6)*N14),2) -> 40.47 | P14: =ROUND(((1+P$6)*O14),2) -> 41.56 | Q14: =ROUND(((1+Q$6)*P14),2) -> 43.14 | R14: =ROUND(((1+R$6)*Q14),2) -> 44.52 | S14: =ROUND(((1+S$6)*R14),2) -> 46.3 | T14: =ROUND(((1+T$6)*S14),2) -> 46.81 | U14: =ROUND(((1+U$6)*T14),2) -> 48.59 | V14: =ROUND(((1+V$6)*U14),2) -> 51.02
A16: Inaccessible Meter - Meter Environmental Obstruction
B17: First Occurrence | F17: Notified in writing | H17: Notified in writing
B18: Second Occurrence | F18: =ROUND($V18,0) -> 51 | G18: per occurrence | H18: =U18 -> 48.59 | I18: =35*1.008 -> 35.28 | J18: =I18*1.017 -> 35.87976 | K18: =ROUND(((1+$K$6)*J18),2) -> 36.88 | L18: =ROUND(((1+$L$6)*K18),2) -> 37.65 | M18: =ROUND(((1+$L$6)*L18),2) -> 38.44 | N18: =ROUND(((1+N$6)*M18),2) -> 39.52 | O18: =ROUND(((1+O$6)*N18),2) -> 40.47 | P18: =ROUND(((1+P$6)*O18),2) -> 41.56 | Q18: =ROUND(((1+Q$6)*P18),2) -> 43.14 | R18: =ROUND(((1+R$6)*Q18),2) -> 44.52 | S18: =ROUND(((1+S$6)*R18),2) -> 46.3 | T18: =ROUND(((1+T$6)*S18),2) -> 46.81 | U18: =ROUND(((1+U$6)*T18),2) -> 48.59 | V18: =ROUND(((1+V$6)*U18),2) -> 51.02
B19: Subsequent Occurrences | F19: =ROUND($V19,0) -> 51 | G19: per occurrence | H19: =U19 -> 48.59 | I19: =35*1.008 -> 35.28 | J19: =I19*1.017 -> 35.87976 | K19: =ROUND(((1+$K$6)*J19),2) -> 36.88 | L19: =ROUND(((1+$L$6)*K19),2) -> 37.65 | M19: =ROUND(((1+$L$6)*L19),2) -> 38.44 | N19: =ROUND(((1+N$6)*M19),2) -> 39.52 | O19: =ROUND(((1+O$6)*N19),2) -> 40.47 | P19: =ROUND(((1+P$6)*O19),2) -> 41.56 | Q19: =ROUND(((1+Q$6)*P19),2) -> 43.14 | R19: =ROUND(((1+R$6)*Q19),2) -> 44.52 | S19: =ROUND(((1+S$6)*R19),2) -> 46.3 | T19: =ROUND(((1+T$6)*S19),2) -> 46.81 | U19: =ROUND(((1+U$6)*T19),2) -> 48.59 | V19: =ROUND(((1+V$6)*U19),2) -> 51.02
A21: Meter Service Size Change | F21: =F112 -> 125 | G21: per request plus permit fee | H21: =H112 -> 119.41 | I21: =105*1.008 -> 105.84 | J21: =I21*1.017 -> 107.63928 | K21: =ROUND(((1+$K$6)*J21),2) -> 110.65 | L21: =ROUND(((1+$L$6)*K21),2) -> 112.97 | M21: =ROUND(((1+$L$6)*L21),2) -> 115.34 | N21: =ROUND(((1+N$6)*M21),2) -> 118.57 | O21: =ROUND(((1+O$6)*N21),2) -> 121.42 | P21: =ROUND(((1+P$6)*O21),2) -> 124.7 | Q21: =ROUND(((1+Q$6)*P21),2) -> 129.44 | R21: =ROUND(((1+R$6)*Q21),2) -> 133.58 | S21: =ROUND(((1+S$6)*R21),2) -> 138.92 | W21: Change from % to per hour
G22: plus cost of meter
A23: Meter Test
B24: First Test per Year | F24: 0 | G24: per test | H24: 0 | W24: Remove section - PW does not have test bench
B25: 3/4" Meter, Subsequent Test, Within 2% Accuracy | F25: =ROUND($V25,0) -> 267 | G25: cost of meter | H25: =U25 -> 254.08 | I25: =183*1.008 -> 184.464 | J25: =I25*1.017 -> 187.59989 | K25: =ROUND(((1+$K$6)*J25),2) -> 192.85 | L25: =ROUND(((1+$L$6)*K25),2) -> 196.9 | M25: =ROUND(((1+$L$6)*L25),2) -> 201.03 | N25: =ROUND(((1+N$6)*M25),2) -> 206.66 | O25: =ROUND(((1+O$6)*N25),2) -> 211.62 | P25: =ROUND(((1+P$6)*O25),2) -> 217.33 | Q25: =ROUND(((1+Q$6)*P25),2) -> 225.59 | R25: =ROUND(((1+R$6)*Q25),2) -> 232.81 | S25: =ROUND(((1+S$6)*R25),2) -> 242.12 | T25: =ROUND(((1+T$6)*S25),2) -> 244.78 | U25: =ROUND(((1+U$6)*T25),2) -> 254.08 | V25: =ROUND(((1+V$6)*U25),2) -> 266.78
B26: >3/4" Meter, Subsequent Test, Within 2% Accuracy | F26: =ROUND($V26,0) -> 267 | G26: cost of meter | H26: =U26 -> 254.08 | I26: =183*1.008 -> 184.464 | J26: =I26*1.017 -> 187.59989 | K26: =ROUND(((1+$K$6)*J26),2) -> 192.85 | L26: =ROUND(((1+$L$6)*K26),2) -> 196.9 | M26: =ROUND(((1+$L$6)*L26),2) -> 201.03 | N26: =ROUND(((1+N$6)*M26),2) -> 206.66 | O26: =ROUND(((1+O$6)*N26),2) -> 211.62 | P26: =ROUND(((1+P$6)*O26),2) -> 217.33 | Q26: =ROUND(((1+Q$6)*P26),2) -> 225.59 | R26: =ROUND(((1+R$6)*Q26),2) -> 232.81 | S26: =ROUND(((1+S$6)*R26),2) -> 242.12 | T26: =ROUND(((1+T$6)*S26),2) -> 244.78 | U26: =ROUND(((1+U$6)*T26),2) -> 254.08 | V26: =ROUND(((1+V$6)*U26),2) -> 266.78
A28: Late Charge (30 Days Past Billing Date) | F28: =ROUND($V28,0) -> 22 | G28: per occurrence | H28: =U28 -> 20.83 | I28: =15*1.008 -> 15.12 | J28: =I28*1.017 -> 15.37704 | K28: =ROUND(((1+$K$6)*J28),2) -> 15.81 | L28: =ROUND(((1+$L$6)*K28),2) -> 16.14 | M28: =ROUND(((1+$L$6)*L28),2) -> 16.48 | N28: =ROUND(((1+N$6)*M28),2) -> 16.94 | O28: =ROUND(((1+O$6)*N28),2) -> 17.35 | P28: =ROUND(((1+P$6)*O28),2) -> 17.82 | Q28: =ROUND(((1+Q$6)*P28),2) -> 18.5 | R28: =ROUND(((1+R$6)*Q28),2) -> 19.09 | S28: =ROUND(((1+S$6)*R28),2) -> 19.85 | T28: =ROUND(((1+T$6)*S28),2) -> 20.07 | U28: =ROUND(((1+U$6)*T28),2) -> 20.83 | V28: =ROUND(((1+V$6)*U28),2) -> 21.87
A30: Same Day Water Utility Start Service
B31: Business Hours: M-Th, 7:00 am to 5:00 pm | F31: =ROUND($V31,0) -> 51 | G31: per request | H31: =U31 -> 48.59 | I31: =35*1.008 -> 35.28 | J31: =I31*1.017 -> 35.87976 | K31: =ROUND(((1+$K$6)*J31),2) -> 36.88 | L31: =ROUND(((1+$L$6)*K31),2) -> 37.65 | M31: =ROUND(((1+$L$6)*L31),2) -> 38.44 | N31: =ROUND(((1+N$6)*M31),2) -> 39.52 | O31: =ROUND(((1+O$6)*N31),2) -> 40.47 | P31: =ROUND(((1+P$6)*O31),2) -> 41.56 | Q31: =ROUND(((1+Q$6)*P31),2) -> 43.14 | R31: =ROUND(((1+R$6)*Q31),2) -> 44.52 | S31: =ROUND(((1+S$6)*R31),2) -> 46.3 | T31: =ROUND(((1+T$6)*S31),2) -> 46.81 | U31: =ROUND(((1+U$6)*T31),2) -> 48.59 | V31: =ROUND(((1+V$6)*U31),2) -> 51.02
B32: After Hours: Fridays, Closures, Holidays & Weekends | F32: =ROUND($V32,0) -> 163 | G32: per request | H32: =U32 -> 155.7 | I32: (prior fee established by PW staff rates multiplied by time and one half) | S32: 327 | T32: 150 | U32: =ROUND(((1+U$6)*T32),2) -> 155.7 | V32: =ROUND(((1+V$6)*U32),2) -> 163.49 | W32: SB998 Effective Feb 1, 2020 maximum charge $150 (1/1/21 annual CPI)
A34: Disconnect/Reconnect Water Service
B35: Business Hours, 7:00 AM - 5:00 PM (M-TH) | F35: =ROUND($V35,0) -> 55 | G35: per occurrence plus full payment | H35: =U35 -> 52.82 | I35: =40*1.008 -> 40.32 | J35: =I35*1.017 -> 41.00544 | K35: =ROUND(((1+$K$6)*J35),2) -> 42.15 | L35: =ROUND(((1+$L$6)*K35),2) -> 43.04 | M35: =ROUND(((1+$L$6)*L35),2) -> 43.94 | N35: =ROUND(((1+N$6)*M35),2) -> 45.17 | O35: =ROUND(((1+O$6)*N35),2) -> 46.25 | P35: =ROUND(((1+P$6)*O35),2) -> 47.5 | Q35: =ROUND(((1+Q$6)*P35),2) -> 49.31 | R35: =ROUND(((1+R$6)*Q35),2) -> 50.89 | S35: 50.89 | T35: 50.89 | U35: =ROUND(((1+U$6)*T35),2) -> 52.82 | V35: =ROUND(((1+V$6)*U35),2) -> 55.46 | W35: SB998 Effective Feb 1, 2020 maximum charge $50 (1/1/21 annual CPI)
B36: Subsequent calls - same service location | F36: =ROUND($V36,0) -> 55 | G36: per occurrence | H36: =U36 -> 52.82 | S36: 50.89 | T36: 50.89 | U36: =ROUND(((1+U$6)*T36),2) -> 52.82 | V36: =ROUND(((1+V$6)*U36),2) -> 55.46 | W36: SB998 Effective Feb 1, 2020 maximum charge $50 (1/1/21 annual CPI)
B37: After Hours, Fridays, Closures, Holidays & Weekends | F37: =ROUND($V37,0) -> 163 | G37: per request | H37: =U37 -> 155.7 | I37: (prior fee established by PW staff rates multiplied by time and one half) | S37: 327 | T37: 150 | U37: =ROUND(((1+U$6)*T37),2) -> 155.7 | V37: =ROUND(((1+V$6)*U37),2) -> 163.49 | W37: SB998 Effective Feb 1, 2020 maximum charge $150 (1/1/21 annual CPI)
A39: Meter Tamper Fee
B40: First Offense | F40: =ROUND($V40,0) -> 71 | H40: =U40 -> 68.03 | I40: =49*1.008 -> 49.392 | J40: =I40*1.017 -> 50.231664 | K40: =ROUND(((1+$K$6)*J40),2) -> 51.64 | L40: =ROUND(((1+$L$6)*K40),2) -> 52.72 | M40: =ROUND(((1+$L$6)*L40),2) -> 53.83 | N40: =ROUND(((1+N$6)*M40),2) -> 55.34 | O40: =ROUND(((1+O$6)*N40),2) -> 56.67 | P40: =ROUND(((1+P$6)*O40),2) -> 58.2 | Q40: =ROUND(((1+Q$6)*P40),2) -> 60.41 | R40: =ROUND(((1+R$6)*Q40),2) -> 62.34 | S40: =ROUND(((1+S$6)*R40),2) -> 64.83 | T40: =ROUND(((1+T$6)*S40),2) -> 65.54 | U40: =ROUND(((1+U$6)*T40),2) -> 68.03 | V40: =ROUND(((1+V$6)*U40),2) -> 71.43
B41: Second Offense | F41: =ROUND($V41,0) -> 108 | H41: =U41 -> 102.76 | I41: =74*1.008 -> 74.592 | J41: =I41*1.017 -> 75.860064 | K41: =ROUND(((1+$K$6)*J41),2) -> 77.98 | L41: =ROUND(((1+$L$6)*K41),2) -> 79.62 | M41: =ROUND(((1+$L$6)*L41),2) -> 81.29 | N41: =ROUND(((1+N$6)*M41),2) -> 83.57 | O41: =ROUND(((1+O$6)*N41),2) -> 85.58 | P41: =ROUND(((1+P$6)*O41),2) -> 87.89 | Q41: =ROUND(((1+Q$6)*P41),2) -> 91.23 | R41: =ROUND(((1+R$6)*Q41),2) -> 94.15 | S41: =ROUND(((1+S$6)*R41),2) -> 97.92 | T41: =ROUND(((1+T$6)*S41),2) -> 99 | U41: =ROUND(((1+U$6)*T41),2) -> 102.76 | V41: =ROUND(((1+V$6)*U41),2) -> 107.9
B42: Subsequent Offenses | F42: =ROUND($V42,0) -> 108 | H42: =U42 -> 102.76 | I42: =74*1.008 -> 74.592 | J42: =I42*1.017 -> 75.860064 | K42: =ROUND(((1+$K$6)*J42),2) -> 77.98 | L42: =ROUND(((1+$L$6)*K42),2) -> 79.62 | M42: =ROUND(((1+$L$6)*L42),2) -> 81.29 | N42: =ROUND(((1+N$6)*M42),2) -> 83.57 | O42: =ROUND(((1+O$6)*N42),2) -> 85.58 | P42: =ROUND(((1+P$6)*O42),2) -> 87.89 | Q42: =ROUND(((1+Q$6)*P42),2) -> 91.23 | R42: =ROUND(((1+R$6)*Q42),2) -> 94.15 | S42: =ROUND(((1+S$6)*R42),2) -> 97.92 | T42: =ROUND(((1+T$6)*S42),2) -> 99 | U42: =ROUND(((1+U$6)*T42),2) -> 102.76 | V42: =ROUND(((1+V$6)*U42),2) -> 107.9
A44: Water Efficient Landscape Ordinance
B45: Hydrant Pressure Testing Fee | F45: =F112 -> 125 | G45: per hour | H45: =H112 -> 119.41 | I45: 86 | J45: =I45*1.017 -> 87.462 | K45: =ROUND(((1+$K$6)*J45),2) -> 89.91 | L45: =ROUND(((1+$L$6)*K45),2) -> 91.8 | M45: =ROUND(((1+$L$6)*L45),2) -> 93.73 | N45: =ROUND(((1+N$6)*M45),2) -> 96.35 | O45: =ROUND(((1+O$6)*N45),2) -> 98.66 | P45: =ROUND(((1+P$6)*O45),2) -> 101.32 | Q45: =ROUND(((1+Q$6)*P45),2) -> 105.17 | R45: =ROUND(((1+R$6)*Q45),2) -> 108.54 | W45: Change from per test to per hour
B46: Landscape Inspection Fee | F46: =ROUND($V46,0) -> 282 | G46: per inspection | H46: =U46 -> 268.6 | I46: 195 | J46: =I46*1.017 -> 198.315 | K46: =ROUND(((1+$K$6)*J46),2) -> 203.87 | L46: =ROUND(((1+$L$6)*K46),2) -> 208.15 | M46: =ROUND(((1+$L$6)*L46),2) -> 212.52 | N46: =ROUND(((1+N$6)*M46),2) -> 218.47 | O46: =ROUND(((1+O$6)*N46),2) -> 223.71 | P46: =ROUND(((1+P$6)*O46),2) -> 229.75 | Q46: =ROUND(((1+Q$6)*P46),2) -> 238.48 | R46: =ROUND(((1+R$6)*Q46),2) -> 246.11 | S46: =ROUND(((1+S$6)*R46),2) -> 255.95 | T46: =ROUND(((1+T$6)*S46),2) -> 258.77 | U46: =ROUND(((1+U$6)*T46),2) -> 268.6 | V46: =ROUND(((1+V$6)*U46),2) -> 282.03
B47: Landscape Re-inspection Fee | F47: =ROUND($V47,0) -> 94 | G47: per re-inspection | H47: =U47 -> 89.54 | I47: 65 | J47: =I47*1.017 -> 66.105 | K47: =ROUND(((1+$K$6)*J47),2) -> 67.96 | L47: =ROUND(((1+$L$6)*K47),2) -> 69.39 | M47: =ROUND(((1+$L$6)*L47),2) -> 70.85 | N47: =ROUND(((1+N$6)*M47),2) -> 72.83 | O47: =ROUND(((1+O$6)*N47),2) -> 74.58 | P47: =ROUND(((1+P$6)*O47),2) -> 76.59 | Q47: =ROUND(((1+Q$6)*P47),2) -> 79.5 | R47: =ROUND(((1+R$6)*Q47),2) -> 82.04 | S47: =ROUND(((1+S$6)*R47),2) -> 85.32 | T47: =ROUND(((1+T$6)*S47),2) -> 86.26 | U47: =ROUND(((1+U$6)*T47),2) -> 89.54 | V47: =ROUND(((1+V$6)*U47),2) -> 94.02
A49: Unauthorized Use of Town Water
B50: First Occurrence | F50: Time and materials plus citation | H50: Time and materials plus citation
B51: Subsequent Occurrences | F51: Time and materials plus citation | H51: Time and materials plus citation
A54: Water Waste Violation
B55: First Violation | F55: 0 | G55: per violation | W55: Per Ordinance
B56: Second Violation | F56: 0 | G56: per violation | W56: Per Ordinance
B57: Third Violation | F57: 100 | G57: per violation | W57: Per Ordinance
B58: Fourth Violation | F58: 200 | G58: per violation | W58: Per Ordinance
B59: Fifth Violation | F59: 500 | G59: per violation | W59: Per Ordinance
B60: Subsequent Violations | F60: Disconnection of water service and/or penalties | W60: Per Ordinance
B61: Subsequent Warnings | F61: =ROUND($U61,0) -> 139 | G61: per notice plus citation | H61: =T61 -> 133.76 | I61: =100*1.008 -> 100.8 | J61: =I61*1.017 -> 102.5136 | K61: =ROUND(((1+$K$6)*J61),2) -> 105.38 | L61: =ROUND(((1+$L$6)*K61),2) -> 107.59 | M61: =ROUND(((1+$L$6)*L61),2) -> 109.85 | N61: =ROUND(((1+N$6)*M61),2) -> 112.93 | O61: =ROUND(((1+O$6)*N61),2) -> 115.64 | P61: =ROUND(((1+P$6)*O61),2) -> 118.76 | Q61: =ROUND(((1+Q$6)*P61),2) -> 123.27 | R61: =ROUND(((1+R$6)*Q61),2) -> 127.21 | S61: =ROUND(((1+S$6)*R61),2) -> 132.3 | T61: =ROUND(((1+T$6)*S61),2) -> 133.76 | U61: =ROUND(((1+U$6)*T61),2) -> 138.84 | W61: No longer applicable per Water Continguency Plan update 7/21/21
G62: `
A63: Hydrant Meter Setting | F63: =F112 -> 125 | G63: per hour | H63: =H112 -> 119.41 | I63: =105*1.008 -> 105.84 | J63: =I63*1.017 -> 107.63928 | K63: =ROUND(((1+$K$6)*J63),2) -> 110.65 | L63: =ROUND(((1+$L$6)*K63),2) -> 112.97 | M63: =ROUND(((1+$L$6)*L63),2) -> 115.34 | N63: =ROUND(((1+N$6)*M63),2) -> 118.57 | O63: =ROUND(((1+O$6)*N63),2) -> 121.42 | P63: =ROUND(((1+P$6)*O63),2) -> 124.7 | Q63: =ROUND(((1+Q$6)*P63),2) -> 129.44 | R63: =ROUND(((1+R$6)*Q63),2) -> 133.58 | W63: Change to per hour
A65: Deposit
B66: Utility Account | F66: 200 | G66: per account | H66: 200 | W66: Per Ordinance
B67: Construction Meter | F67: 200 | G67: per meter | H67: 200 | W67: Per Ordinance
B68: Bridge Meter | F68: 600 | G68: per meter | H68: 600 | W68: Per Ordinance
B69: Hydrant Meter | F69: 1200 | G69: per meter | H69: 1200 | W69: Per Ordinance
B70: Failure to Return Meter | F70: =ROUND($V70,0) -> 106 | G70: per meter plus payment in full and | H70: =U70 -> 101.37 | I70: =73*1.008 -> 73.584 | J70: =I70*1.017 -> 74.834928 | K70: =ROUND(((1+$K$6)*J70),2) -> 76.93 | L70: =ROUND(((1+$L$6)*K70),2) -> 78.55 | M70: =ROUND(((1+$L$6)*L70),2) -> 80.2 | N70: =ROUND(((1+N$6)*M70),2) -> 82.45 | O70: =ROUND(((1+O$6)*N70),2) -> 84.43 | P70: =ROUND(((1+P$6)*O70),2) -> 86.71 | Q70: =ROUND(((1+Q$6)*P70),2) -> 90 | R70: =ROUND(((1+R$6)*Q70),2) -> 92.88 | S70: =ROUND(((1+S$6)*R70),2) -> 96.6 | T70: =ROUND(((1+T$6)*S70),2) -> 97.66 | U70: =ROUND(((1+U$6)*T70),2) -> 101.37 | V70: =ROUND(((1+V$6)*U70),2) -> 106.44
G71: forfeiture of deposit
A72: Domestic Water Meter Installation
B73: All Meters less than 2" | F73: =ROUND($V73,0) -> 168 | G73: plus actual cost of meter | H73: =U73 -> 159.68 | I73: =115*1.008 -> 115.92 | J73: =I73*1.017 -> 117.89064 | K73: =ROUND(((1+$K$6)*J73),2) -> 121.19 | L73: =ROUND(((1+$L$6)*K73),2) -> 123.73 | M73: =ROUND(((1+$L$6)*L73),2) -> 126.33 | N73: =ROUND(((1+N$6)*M73),2) -> 129.87 | O73: =ROUND(((1+O$6)*N73),2) -> 132.99 | P73: =ROUND(((1+P$6)*O73),2) -> 136.58 | Q73: =ROUND(((1+Q$6)*P73),2) -> 141.77 | R73: =ROUND(((1+R$6)*Q73),2) -> 146.31 | S73: =ROUND(((1+S$6)*R73),2) -> 152.16 | T73: =ROUND(((1+T$6)*S73),2) -> 153.83 | U73: =ROUND(((1+U$6)*T73),2) -> 159.68 | V73: =ROUND(((1+V$6)*U73),2) -> 167.66
B74: All Meters greater than 2" provided and installed per Town | F74: =ROUND($V74,0) -> 168 | G74: plus actual cost of meter | H74: =U74 -> 159.68 | I74: =115*1.008 -> 115.92 | J74: =I74*1.017 -> 117.89064 | K74: =ROUND(((1+$K$6)*J74),2) -> 121.19 | L74: =ROUND(((1+$L$6)*K74),2) -> 123.73 | M74: =ROUND(((1+$L$6)*L74),2) -> 126.33 | N74: =ROUND(((1+N$6)*M74),2) -> 129.87 | O74: =ROUND(((1+O$6)*N74),2) -> 132.99 | P74: =ROUND(((1+P$6)*O74),2) -> 136.58 | Q74: =ROUND(((1+Q$6)*P74),2) -> 141.77 | R74: =ROUND(((1+R$6)*Q74),2) -> 146.31 | S74: =ROUND(((1+S$6)*R74),2) -> 152.16 | T74: =ROUND(((1+T$6)*S74),2) -> 153.83 | U74: =ROUND(((1+U$6)*T74),2) -> 159.68 | V74: =ROUND(((1+V$6)*U74),2) -> 167.66
B75: standards by customer or applicant
A77: Recycled Water Meter Installation | F77: =ROUND($V77,0) -> 168 | G77: plus actual cost of meter | H77: =U77 -> 159.68 | I77: =115*1.008 -> 115.92 | J77: =I77*1.017 -> 117.89064 | K77: =ROUND(((1+$K$6)*J77),2) -> 121.19 | L77: =ROUND(((1+$L$6)*K77),2) -> 123.73 | M77: =ROUND(((1+$L$6)*L77),2) -> 126.33 | N77: =ROUND(((1+N$6)*M77),2) -> 129.87 | O77: =ROUND(((1+O$6)*N77),2) -> 132.99 | P77: =ROUND(((1+P$6)*O77),2) -> 136.58 | Q77: =ROUND(((1+Q$6)*P77),2) -> 141.77 | R77: =ROUND(((1+R$6)*Q77),2) -> 146.31 | S77: =ROUND(((1+S$6)*R77),2) -> 152.16 | T77: =ROUND(((1+T$6)*S77),2) -> 153.83 | U77: =ROUND(((1+U$6)*T77),2) -> 159.68 | V77: =ROUND(((1+V$6)*U77),2) -> 167.66
A79: Comprehensive Water Quality Test and Analysis | F79: =ROUND($V79,0) -> 168 | G79: per test plus actual lab cost | H79: =U79 -> 159.68 | I79: =115*1.008 -> 115.92 | J79: =I79*1.017 -> 117.89064 | K79: =ROUND(((1+$K$6)*J79),2) -> 121.19 | L79: =ROUND(((1+$L$6)*K79),2) -> 123.73 | M79: =ROUND(((1+$L$6)*L79),2) -> 126.33 | N79: =ROUND(((1+N$6)*M79),2) -> 129.87 | O79: =ROUND(((1+O$6)*N79),2) -> 132.99 | P79: =ROUND(((1+P$6)*O79),2) -> 136.58 | Q79: =ROUND(((1+Q$6)*P79),2) -> 141.77 | R79: =ROUND(((1+R$6)*Q79),2) -> 146.31 | S79: =ROUND(((1+S$6)*R79),2) -> 152.16 | T79: =ROUND(((1+T$6)*S79),2) -> 153.83 | U79: =ROUND(((1+U$6)*T79),2) -> 159.68 | V79: =ROUND(((1+V$6)*U79),2) -> 167.66
A81: Inspection of Backflow Prevention Device Installation | F81: =F112 -> 125 | G81: per inspection | H81: =H112 -> 119.41 | I81: =86*1.008 -> 86.688 | J81: =I81*1.017 -> 88.161696 | K81: =ROUND(((1+$K$6)*J81),2) -> 90.63 | L81: =ROUND(((1+$L$6)*K81),2) -> 92.53 | M81: =ROUND(((1+$L$6)*L81),2) -> 94.47 | N81: =ROUND(((1+N$6)*M81),2) -> 97.12 | O81: =ROUND(((1+O$6)*N81),2) -> 99.45 | P81: =ROUND(((1+P$6)*O81),2) -> 102.14 | Q81: =ROUND(((1+Q$6)*P81),2) -> 106.02 | R81: =ROUND(((1+R$6)*Q81),2) -> 109.41 | W81: Change to per hour
A83: Fire Flow Test | F83: =ROUND($V83,0) -> 249 | G83: per test | H83: =U83 -> 237.43 | I83: =171*1.008 -> 172.368 | J83: =I83*1.017 -> 175.29826 | K83: =ROUND(((1+$K$6)*J83),2) -> 180.21 | L83: =ROUND(((1+$L$6)*K83),2) -> 183.99 | M83: =ROUND(((1+$L$6)*L83),2) -> 187.85 | N83: =ROUND(((1+N$6)*M83),2) -> 193.11 | O83: =ROUND(((1+O$6)*N83),2) -> 197.74 | P83: =ROUND(((1+P$6)*O83),2) -> 203.08 | Q83: =ROUND(((1+Q$6)*P83),2) -> 210.8 | R83: =ROUND(((1+R$6)*Q83),2) -> 217.55 | S83: =ROUND(((1+S$6)*R83),2) -> 226.25 | T83: =ROUND(((1+T$6)*S83),2) -> 228.74 | U83: =ROUND(((1+U$6)*T83),2) -> 237.43 | V83: =ROUND(((1+V$6)*U83),2) -> 249.3
A85: Sewer Lateral Connection Inspection | F85: =F112 -> 125 | G85: per inspection | H85: =H112 -> 119.41 | I85: =86*1.008 -> 86.688 | J85: =I85*1.017 -> 88.161696 | K85: =ROUND(((1+$K$6)*J85),2) -> 90.63 | L85: =ROUND(((1+$L$6)*K85),2) -> 92.53 | M85: =ROUND(((1+$L$6)*L85),2) -> 94.47 | N85: =ROUND(((1+N$6)*M85),2) -> 97.12 | O85: =ROUND(((1+O$6)*N85),2) -> 99.45 | P85: =ROUND(((1+P$6)*O85),2) -> 102.14 | Q85: =ROUND(((1+Q$6)*P85),2) -> 106.02 | R85: =ROUND(((1+R$6)*Q85),2) -> 109.41 | W85: Change to per hour
A87: Unauthorized Disposal of Wastewater | F87: =ROUND($V87,0) -> 249 | G87: plus citation | H87: =U87 -> 237.43 | I87: =171*1.008 -> 172.368 | J87: =I87*1.017 -> 175.29826 | K87: =ROUND(((1+$K$6)*J87),2) -> 180.21 | L87: =ROUND(((1+$L$6)*K87),2) -> 183.99 | M87: =ROUND(((1+$L$6)*L87),2) -> 187.85 | N87: =ROUND(((1+N$6)*M87),2) -> 193.11 | O87: =ROUND(((1+O$6)*N87),2) -> 197.74 | P87: =ROUND(((1+P$6)*O87),2) -> 203.08 | Q87: =ROUND(((1+Q$6)*P87),2) -> 210.8 | R87: =ROUND(((1+R$6)*Q87),2) -> 217.55 | S87: =ROUND(((1+S$6)*R87),2) -> 226.25 | T87: =ROUND(((1+T$6)*S87),2) -> 228.74 | U87: =ROUND(((1+U$6)*T87),2) -> 237.43 | V87: =ROUND(((1+V$6)*U87),2) -> 249.3
B88: Special Cases | F88: Time and materials plus citation | H88: Time and materials plus citation
A90: Unauthorized Disposal of Toxic Waste | F90: =ROUND($V90,0) -> 249 | G90: plus citation | H90: =U90 -> 237.43 | I90: =171*1.008 -> 172.368 | J90: =I90*1.017 -> 175.29826 | K90: =ROUND(((1+$K$6)*J90),2) -> 180.21 | L90: =ROUND(((1+$L$6)*K90),2) -> 183.99 | M90: =ROUND(((1+$L$6)*L90),2) -> 187.85 | N90: =ROUND(((1+N$6)*M90),2) -> 193.11 | O90: =ROUND(((1+O$6)*N90),2) -> 197.74 | P90: =ROUND(((1+P$6)*O90),2) -> 203.08 | Q90: =ROUND(((1+Q$6)*P90),2) -> 210.8 | R90: =ROUND(((1+R$6)*Q90),2) -> 217.55 | S90: =ROUND(((1+S$6)*R90),2) -> 226.25 | T90: =ROUND(((1+T$6)*S90),2) -> 228.74 | U90: =ROUND(((1+U$6)*T90),2) -> 237.43 | V90: =ROUND(((1+V$6)*U90),2) -> 249.3
B91: Special Cases | F91: Time and materials plus citation | H91: Time and materials plus citation
A93: Installation and Testing of Recycled Water | F93: =F112 -> 125 | G93: per installation | H93: =H112 -> 119.41 | I93: =86*1.008 -> 86.688 | J93: =I93*1.017 -> 88.161696 | K93: =ROUND(((1+$K$6)*J93),2) -> 90.63 | L93: =ROUND(((1+$L$6)*K93),2) -> 92.53 | M93: =ROUND(((1+$L$6)*L93),2) -> 94.47 | N93: =ROUND(((1+N$6)*M93),2) -> 97.12 | O93: =ROUND(((1+O$6)*N93),2) -> 99.45 | P93: =ROUND(((1+P$6)*O93),2) -> 102.14 | Q93: =ROUND(((1+Q$6)*P93),2) -> 106.02 | R93: =ROUND(((1+R$6)*Q93),2) -> 109.41 | W93: Change from per test to per hour
A95: Cross-Connection Testing (Recycled Water Account) | F95: =F112 -> 125 | G95: per hour plus time and materials | H95: =H112 -> 119.41 | I95: =86*1.008 -> 86.688 | J95: =I95*1.017 -> 88.161696 | K95: =ROUND(((1+$K$6)*J95),2) -> 90.63 | L95: =ROUND(((1+$L$6)*K95),2) -> 92.53 | M95: =ROUND(((1+$L$6)*L95),2) -> 94.47 | N95: =ROUND(((1+N$6)*M95),2) -> 97.12 | O95: =ROUND(((1+O$6)*N95),2) -> 99.45 | P95: =ROUND(((1+P$6)*O95),2) -> 102.14 | Q95: =ROUND(((1+Q$6)*P95),2) -> 106.02 | R95: =ROUND(((1+R$6)*Q95),2) -> 109.41 | W95: Change from per test to per hour
A97: Monthly Backflow Prevention Device Service Charge
B98: Up to 1" | F98: =ROUND($V98,0) -> 8 | G98: per month, charged on utility bill | H98: =U98 -> 8.09 | I98: =5.83*1.008 -> 5.87664 | J98: =I98*1.017 -> 5.9765429 | K98: =ROUND(((1+$K$6)*J98),2) -> 6.14 | L98: =ROUND(((1+$L$6)*K98),2) -> 6.27 | M98: =ROUND(((1+$L$6)*L98),2) -> 6.4 | N98: =ROUND(((1+N$6)*M98),2) -> 6.58 | O98: =ROUND(((1+O$6)*N98),2) -> 6.74 | P98: =ROUND(((1+P$6)*O98),2) -> 6.92 | Q98: =ROUND(((1+Q$6)*P98),2) -> 7.18 | R98: =ROUND(((1+R$6)*Q98),2) -> 7.41 | S98: =ROUND(((1+S$6)*R98),2) -> 7.71 | T98: =ROUND(((1+T$6)*S98),2) -> 7.79 | U98: =ROUND(((1+U$6)*T98),2) -> 8.09 | V98: =ROUND(((1+V$6)*U98),2) -> 8.49
B99: 1-1/2" and Larger | F99: =ROUND($V99,0) -> 8 | G99: per month, charged on utility bill | H99: =U99 -> 8.09 | I99: =5.83*1.008 -> 5.87664 | J99: =I99*1.017 -> 5.9765429 | K99: =ROUND(((1+$K$6)*J99),2) -> 6.14 | L99: =ROUND(((1+$L$6)*K99),2) -> 6.27 | M99: =ROUND(((1+$L$6)*L99),2) -> 6.4 | N99: =ROUND(((1+N$6)*M99),2) -> 6.58 | O99: =ROUND(((1+O$6)*N99),2) -> 6.74 | P99: =ROUND(((1+P$6)*O99),2) -> 6.92 | Q99: =ROUND(((1+Q$6)*P99),2) -> 7.18 | R99: =ROUND(((1+R$6)*Q99),2) -> 7.41 | S99: =ROUND(((1+S$6)*R99),2) -> 7.71 | T99: =ROUND(((1+T$6)*S99),2) -> 7.79 | U99: =ROUND(((1+U$6)*T99),2) -> 8.09 | V99: =ROUND(((1+V$6)*U99),2) -> 8.49
A101: Cost Recovery for Professional Consulting Services, Including Town Attorney Services
B102: For any activity requiring professional consulting services, including Town Attorney services, the applicant
B103: shall reimburse the Town for actual costs incurred to employ professional consulting services. The Department
B104: Director shall determine the appropriate deposit to be submitted by the applicant for recovery of
B105: professional consulting services.
A108: General Services
B109: For services requested of Town staff for which no fee is listed in this Master Fee Schedule, the Director of the
B110: department whose services are requested shall determine the appropriate fee, based on the following hourly rates for
B111: staff time involved in the service or activity:
C112: Public Works Department: | F112: =ROUND($V112,0) -> 125 | G112: per hour | H112: =U112 -> 119.41 | I112: =86*1.008 -> 86.688 | J112: =I112*1.017 -> 88.161696 | K112: =ROUND(((1+$K$6)*J112),2) -> 90.63 | L112: =ROUND(((1+$L$6)*K112),2) -> 92.53 | M112: =ROUND(((1+$L$6)*L112),2) -> 94.47 | N112: =ROUND(((1+N$6)*M112),2) -> 97.12 | O112: =ROUND(((1+O$6)*N112),2) -> 99.45 | P112: =ROUND(((1+P$6)*O112),2) -> 102.14 | Q112: =ROUND(((1+Q$6)*P112),2) -> 106.02 | R112: =ROUND(((1+R$6)*Q112),2) -> 109.41 | S112: =ROUND(((1+S$6)*R112),2) -> 113.79 | T112: =ROUND(((1+T$6)*S112),2) -> 115.04 | U112: =ROUND(((1+U$6)*T112),2) -> 119.41 | V112: =ROUND(((1+V$6)*U112),2) -> 125.38
C113: Administrative Services Department: | F113: =ROUND($V113,0) -> 95 | G113: per hour | H113: =U113 -> 90.25 | I113: =65*1.008 -> 65.52 | J113: =I113*1.017 -> 66.63384 | K113: =ROUND(((1+$K$6)*J113),2) -> 68.5 | L113: =ROUND(((1+$L$6)*K113),2) -> 69.94 | M113: =ROUND(((1+$L$6)*L113),2) -> 71.41 | N113: =ROUND(((1+N$6)*M113),2) -> 73.41 | O113: =ROUND(((1+O$6)*N113),2) -> 75.17 | P113: =ROUND(((1+P$6)*O113),2) -> 77.2 | Q113: =ROUND(((1+Q$6)*P113),2) -> 80.13 | R113: =ROUND(((1+R$6)*Q113),2) -> 82.69 | S113: =ROUND(((1+S$6)*R113),2) -> 86 | T113: =ROUND(((1+T$6)*S113),2) -> 86.95 | U113: =ROUND(((1+U$6)*T113),2) -> 90.25 | V113: =ROUND(((1+V$6)*U113),2) -> 94.76
C114: After Hours - Public Works Department | F114: =ROUND($V114,0) -> 343 | G114: per hour | H114: =U114 -> 327 | S114: 327 | T114: 327 | U114: 327 | V114: =ROUND(((1+V$6)*U114),2) -> 343.35

Sheet Sheet1
